Cogmind - Beta 16 @@@ ROGUE MODE // 2025.12.29 @ 01:13:40 Player: AngelSpirit Result: Escaped! Performance ------------- Evolutions (9) 4500 Regions Visited (30) 6000 Robots Destroyed (480) 2400 Value Destroyed (21785) 21785 Prototype IDs (117) 2340 Alien Tech Used (2) 400 Bonus (20025) 20025 TOTAL SCORE: 57450 Bonus ------- Triggered High Security 500 High Alert Combat Kills 3077 Follower Combat Kills 1069 Destroyed Unchained 1000 Network Hubs Disabled 400 Aligned with FarCom 300 Met Data Miner 300 Met Zhirov 300 Met Warlord at Base 500 MAIN.C Attacked Warlord 500 Warlord Defense Kills 148 Met R17 at Cetus 500 Met R17 at Research 2000 Met Warlord at Research 2000 Invited to Help at Command 2000 Destroyed MAIN.C Guards 500 Met Warlord at Command 2000 Win 3000 Friendly Fire -69 Cogmind --------- Core Integrity 80/1600 Matter 300/300 Energy 147/150 System Corruption 51% Temperature Cool (6) Movement Hovering (52) Location To Epsilon Eridani Parts ------- > --- POWER (2) -------- Micro Antimatter Reactor > --- PROPULSION (6) --- Improved Antigrav System Improved Antigrav System Antigrav Array > --- UTILITY (14) ----- Advanced Coolant Injector Medium Storage Unit Enhanced Optical Array Targeting Computer Advanced Targeting Computer Advanced Targeting Computer Advanced Targeting Computer Advanced Target Analyzer Advanced Target Analyzer Armor Integrity Analyzer Improved Point Defense System Advanced Recalibrator > --- WEAPON (4) ------- Force Lance > --- INVENTORY (10) --- Light Fission Core Micro Antimatter Reactor Transdimensional Reconstructor Gamma Rifle Gamma Rifle Long-range Proton Cannon Hypervelocity Railgun Point Singularity Launcher Force Lance Peak State ------------ > --- POWER ------------ Micro Antimatter Reactor Light Quantum Reactor > --- PROPULSION ------- Antigrav Array Antigrav Array Antigrav Array > --- UTILITY ---------- Advanced Cryofiber Web Advanced Heat Sink Advanced Heat Sink Large Storage Unit Gravity Neutralizer Spectral Analyzer Precision Energy Filter Quantum Capacitor Experimental Reaction Control System Centrium Light Armor Plating Light Regenerative Plating Graphene Brace Advanced Hacking Suite > --- WEAPON ----------- Vortex Shotgun Vortex Catalyst Activator Particle Cleaver > --- INVENTORY -------- Light Quantum Reactor Vortex Chain Reactor Antigrav Array Matter Compressor Centrium Medium Armor Plating Experimental Focal Shield Advanced Corruption Screen Transdimensional Reconstructor Vortex Shotgun Cooled Proton Cannon Advanced Remote Datajack [Rating: 204] Favorites ----------- Power Quantum Reactor Engine Cooled Ion Engine Power Core Micro Nuclear Core Reactor Quantum Reactor Propulsion Antigrav Array Treads Centrium Heavy Treads Leg Flexi-carbon Leg Wheel Wheel Hover Unit Antigrav Array Flight Unit Electron Diverter Utility Medium Storage Unit Device Advanced Heat Sink Storage Medium Storage Unit Processor Enhanced Optical Array Hackware Advanced Hacking Suite Protection Improved Light Armor Plating Weapon Advanced KE Penetrator Energy Gun Vortex Shotgun Energy Cannon Heavy Neutron Cannon Ballistic Gun Advanced KE Penetrator Ballistic Cannon Hardcell Cannon Launcher Mini Smartbomb Launcher Impact Weapon Powered Hammer Slashing Weapon Phasing Sabre Piercing Weapon Plasma Lance Special Melee Weapon Datajack Build | -11 -10 -10 -10 -9 -8 -8 -7 -7 -7 -7 -6 -6 -6 -6 -6 -6 -5 -5 -5 -5 -4 -4 -4 -4 -4 -3 -3 -2 -1 -1 ------- Run | Yrd Mat Min Exi Min Mat Sto Fac Low Low Dat Pro Fac Ext Cet Arc Hub Fac Upp Upp Zhi Pro Fac Upp Upp War Pro Res Res Acc Com Slots Evolved 18 | . . . . . 4 . 2 . . . . 2 . . . . 2 . . . . 2 . . . . 2 2 2 . Power 1 | . . . . . . . . . . . . . . . . . . . . . . . . . . . 1 . . . Propulsion 4 | . . . . . 1 . 1 . . . . . . . . . 1 . . . . 1 . . . . . . . . Utility 12 | . . . . . 2 . 1 . . . . 2 . . . . 1 . . . . 1 . . . . 1 2 2 . Weapon 1 | . . . . . 1 . . . . . . . . . . . . . . . . . . . . . . . . . Parts Attached 488 | 6 1 . . 12 20 15 22 . 2 . 2 30 22 14 7 10 66 1 4 2 1 36 7 26 15 2 28 19 15 103 Power 48 | 1 . . . 2 3 1 3 . . . . 3 1 2 . . 5 . 1 1 . 3 1 1 . . 8 2 . 10 Engine 12 | 1 . . . 1 3 1 1 . . . . 2 1 . . . . . . . . . . 1 . . . . . 1 Core 9 | . . . . 1 . . 2 . . . . 1 . . . . 2 . . 1 . . . . . . 1 . . 1 Reactor 27 | . . . . . . . . . . . . . . 2 . . 3 . 1 . . 3 1 . . . 7 2 . 8 Propulsion 118 | 2 . . . 4 3 6 6 . . . . 4 7 2 . . 24 . 1 . . 7 1 8 6 1 6 3 . 27 Treads 6 | . . . . . . . . . . . . . . 2 . . . . . . . . . 3 . . . 1 . . Leg 24 | . . . . . . . . . . . . . 4 . . . 4 . . . . . . 5 3 1 2 . . 5 Wheel 24 | 2 . . . 4 2 2 . . . . . . . . . . 14 . . . . . . . . . . . . . Hover 58 | . . . . . . 3 6 . . . . 4 3 . . . 4 . 1 . . 7 1 . 1 . 4 2 . 22 Flight 6 | . . . . . 1 1 . . . . . . . . . . 2 . . . . . . . 2 . . . . . Utility 188 | 1 . . . 2 5 5 7 . 1 . 1 15 9 5 7 9 20 1 1 1 . 16 4 10 4 1 9 8 9 37 Device 67 | . . . . 1 . . . . 1 . . 4 2 1 3 2 6 1 . . . 11 1 2 1 . 7 4 2 18 Storage 17 | 1 . . . . 1 . . . . . . 1 . . . 1 1 . . 1 . 1 1 3 . . 1 . 1 4 Processor 27 | . . . . . 2 . 1 . . . . 5 1 . . . 2 . . . . 1 . . 2 . . 1 2 10 Hackware 21 | . . . . . . 1 4 . . . . 2 1 . 1 2 3 . 1 . . 2 . 1 . . . 1 2 . Protection 56 | . . . . 1 2 4 2 . . . 1 3 5 4 3 4 8 . . . . 1 2 4 1 1 1 2 2 5 Artifact . | . . . . . . . . . . . . . . . . . . . . . . . . . . . . . . . Weapon 134 | 2 1 . . 4 9 3 6 . 1 . 1 8 5 5 . 1 17 . 1 . 1 10 1 7 5 . 5 6 6 29 Energy Gun 36 | . . . . 2 5 1 . . . . . 1 . 1 . . 4 . 1 . . 4 . 3 1 . 1 . 1 11 Energy Cannon 22 | . . . . 1 . 1 . . . . . . . . . . 2 . . . . 5 1 . 4 . 3 2 1 2 Ballistic Gun 36 | 2 . . . . 2 1 1 . . . . 4 . 4 . 1 6 . . . 1 . . 1 . . 1 . 1 11 Ballistic Cannon 8 | . . . . . . . . . . . . 1 1 . . . . . . . . . . 1 . . . 1 1 3 Launcher 11 | . . . . 1 2 . 2 . 1 . . 1 . . . . 2 . . . . . . . . . . . 2 . Special Weapon . | . . . . . . . . . . . . . . . . . . . . . . . . . . . . . . . Impact Weapon 4 | . . . . . . . 1 . . . . 1 . . . . 1 . . . . . . 1 . . . . . . Slashing Weapon 13 | . . . . . . . 2 . . . 1 . 4 . . . 2 . . . . 1 . 1 . . . 2 . . Piercing Weapon 3 | . . . . . . . . . . . . . . . . . . . . . . . . . . . . 1 . 2 Special Melee Weapon 1 | . 1 . . . . . . . . . . . . . . . . . . . . . . . . . . . . . Unidentified Prototypes 60 | . . . . . 6 5 4 . 1 . . 3 . 4 . 1 4 . . 2 . 6 . . 7 . 6 4 4 3 Corrupted Parts 1 | . . . . . . . . . . . . . . . . . . . . . . . . 1 . . . . . . System Corruption 11 | . . . . . . . . . . . . . . . . . . . . . . . . 11 . . . . . . Parts Lost 167 | . . . . 3 1 2 3 . 1 . 2 2 8 . 1 1 30 1 4 . 4 7 2 14 . . 1 . 6 74 Power 17 | . . . . 1 . . 1 . . . . . . . . . 3 . 1 . . . . 1 . . . . . 10 Propulsion 46 | . . . . 1 1 2 . . . . . . 5 . . . 10 . 2 . 1 2 1 5 . . 1 . . 15 Utility 54 | . . . . . . . 1 . 1 . 1 1 1 . 1 . 7 1 . . 1 2 . 4 . . . . 4 29 Weapon 50 | . . . . 1 . . 1 . . . 1 1 2 . . 1 10 . 1 . 2 3 1 4 . . . . 2 20 Highest Loss Streak 15 | . . . . 1 1 1 1 . 1 . 2 1 2 . 1 1 9 1 2 . 4 5 1 9 . . 1 . 2 15 To Critical Strikes 3 | . . . . . . . . . . . 1 . . . . . . . . . . . . . . . . . . 2 Average Backups 9 | . . 2 4 7 9 9 9 10 9 9 9 9 9 9 9 9 15 8 7 7 8 8 8 8 8 7 10 12 11 9 Power 1 | . . . . . . 1 1 1 1 1 1 1 1 1 1 1 2 2 2 1 1 1 1 1 . 1 1 1 2 1 Propulsion 1 | . . . 2 2 2 2 1 2 2 2 2 2 . . . . 2 1 . . . 1 . . . . . . 1 1 Utility 3 | . . . 1 2 2 4 5 6 5 5 5 4 5 4 5 5 5 3 3 3 4 3 3 3 2 2 3 4 3 1 Weapon 2 | . . . . . 1 2 2 1 1 1 1 1 1 2 3 3 4 2 2 2 2 2 2 2 2 3 3 3 3 3 Tool/Special . | . . . . . . . . . . . . . . . . . . . . . . . . . . . . . . . Unused Backups 44 | . . . . 1 5 1 7 . . . . 3 . . . . . . . . . . 1 2 5 . 3 3 2 11 Power 8 | . . . . . . . 1 . . . . 1 . . . . . . . . . . 1 . . . 1 . . 4 Propulsion 12 | . . . . 1 2 1 3 . . . . 1 . . . . . . . . . . . 1 1 . . . . 2 Utility 13 | . . . . . 2 . 2 . . . . 1 . . . . . . . . . . . 1 1 . 2 2 1 1 Weapon 7 | . . . . . 1 . 1 . . . . . . . . . . . . . . . . . 2 . . . . 3 Tool/Special 4 | . . . . . . . . . . . . . . . . . . . . . . . . . 1 . . 1 1 1 Average Slot Usage (%) 86 | . 85 85 85 91 96 95 96 100 98 92 96 95 96 98 86 84 83 93 88 75 72 80 69 67 97 100 81 78 78 82 Engine 1 | . 14 14 14 3 8 9 . . . . . . . 1 . . . . . . . . . . . . . . . . Core 1 | . . . . 10 . . 6 7 7 7 7 6 5 . . . . 5 3 4 5 . . . . . . . . . Reactor 3 | . . . . . . . . . . . . . . 4 6 6 4 . 1 . . 4 5 4 5 5 5 8 6 5 Treads 1 | . . . . . . . . . . . . . . 1 12 12 2 . . . . . . 4 . . . . . . Leg 3 | . . . . . . . . . . . . . 4 22 . . . . . . . . . 3 25 27 11 . . 2 Wheel 4 | . 28 28 28 28 26 11 . . . . . . . . . . 13 . . . . . . . . . . . . . Hover 11 | . . . . . . 13 28 30 29 28 28 24 18 . . . 2 22 20 16 13 21 18 1 . . 6 12 11 17 Device 10 | . . . . 1 . . . . 5 7 7 3 6 6 4 6 7 12 12 12 11 16 16 16 15 15 19 27 27 14 Storage 6 | . 14 14 14 14 9 9 7 7 7 7 7 6 6 6 6 6 5 5 5 5 5 5 5 7 5 5 4 4 3 4 Processor 8 | . . . . . 10 9 7 7 7 7 7 15 10 7 6 6 10 5 5 5 5 . . . 7 10 6 4 3 18 Hackware 6 | . . . . . . 3 13 15 8 7 7 7 7 1 2 10 5 11 14 16 13 14 10 6 5 5 4 2 3 2 Protection 8 | . . . . 4 14 14 6 7 7 7 7 6 10 21 23 11 10 8 5 1 . 3 4 7 9 10 6 6 7 3 Energy Gun 2 | . . . . 7 9 4 . . . . . . . 3 . . 3 5 1 . 2 1 . 5 7 5 4 4 2 2 Energy Cannon 1 | . . . . 1 . . . . . . . . . . . . 1 . . . . 5 4 3 8 15 8 4 2 . Ballistic Gun 8 | . 23 28 19 13 14 20 14 . . . . 19 3 14 25 24 12 4 4 . 4 1 . . . . . . . 5 Impact Weapon 1 | . . . . . . . 3 7 7 7 7 2 3 . . . . 5 5 5 5 3 . 4 4 . . . . . Slashing Weapon 2 | . . . . . . . 5 15 13 14 18 1 16 5 . . . 5 5 5 2 1 1 . . . . 1 1 . Peak Build Rating 204 | 6 6 6 7 14 33 46 58 55 55 55 60 77 84 116 120 120 115 97 97 90 93 125 116 109 146 146 170 192 204 202 Average Rating 100 | 4 6 6 6 10 29 37 53 55 54 55 58 71 74 96 117 114 82 94 87 76 77 112 102 85 130 143 151 184 194 159 On Entrance 77 | . 6 6 6 7 12 31 41 55 55 55 55 53 75 84 116 120 102 94 96 81 90 63 83 90 109 146 140 170 189 179 Avg Prop Armor Cover (%) 3 | . . . . . . . . . . . . . 3 . . . 3 . . . . . . 4 4 . . . . 2 Naked Turns . | . . . . . . . . . . . . . . . . . . . . . . . . . . . . . . . Heaviest Build 117 | 13 13 13 13 20 35 40 31 30 39 35 38 50 49 82 84 76 117 51 47 50 50 65 57 72 95 95 109 96 104 94 Greatest Support 160 | 26 26 26 26 26 42 42 40 40 40 40 40 58 99 160 160 160 160 56 56 52 52 68 58 105 135 133 143 96 96 136 Greatest Overweight (x) 18 | . . . . 1 1 3 . . . . . 1 2 . . . 3 . . . 1 1 1 18 . . 4 1 1 1 Average Overweight (x) . | . . . . . . . . . . . . . . . . . . . . . . . . 1 . . . . . . Largest Inventory Capacity 20 | 8 8 8 8 8 10 10 10 10 10 10 10 10 10 10 10 10 20 10 10 10 10 10 10 10 10 10 15 15 20 15 Average Capacity 11 | 6 8 8 8 8 9 10 10 10 10 10 10 10 10 10 10 10 17 10 10 10 10 10 10 9 10 10 12 15 15 12 Most Carried 20 | . 1 4 5 8 10 10 10 10 10 9 10 10 10 10 10 10 20 10 10 10 10 10 10 10 10 10 15 15 15 15 Average Carried 10 | . . 2 4 7 9 9 9 10 9 9 9 9 9 9 9 9 16 10 9 8 9 9 8 8 9 10 12 14 14 10 Final Capacity 15 | 8 8 8 8 8 10 10 10 10 10 10 10 10 10 10 10 10 10 10 10 10 10 10 10 10 10 10 15 15 15 10 Final Carried 15 | . 1 4 5 8 10 10 10 10 9 9 10 10 10 10 10 10 10 10 8 9 10 10 10 10 10 10 15 15 15 9 Class Distribution -------------------- 26% | Scavenger-Tank 11% | Hacker-Mutant 10% | Mutant 9% | Scavenger-Gunner 8% | Scavenger-Mutant 8% | Scavenger-Skirmisher 4% | Tank 3% | Hacker-Skirmisher 3% | Hacker-Scout Dominant Class ---------------- Mutant | -10/Materials Mutant | -10/Mines Mutant | -10/Exiles Mutant | -9/Mines Scavenger-Tank | -8/Materials Tank | -8/Storage Hacker-Skirmisher | -7/Factory Hacker-Mutant | -7/Lower Caves Gladiator | -7/Lower Caves Gladiator | -7/Data Miner Gladiator | -6/Proximity Caves Hacker-Scout | -6/Factory Commander-Scout | -6/Extension Scavenger-Tank | -6/Cetus Scavenger-Tank | -6/Archives Scavenger-Tank | -6/Hub_04(d) Scavenger-Tank | -5/Factory Hacker-Mutant | -5/Upper Caves Hacker-Mutant | -5/Upper Caves Hacker-Mutant | -5/Zhirov Hacker-Mutant | -4/Proximity Caves Hacker-Mutant | -4/Factory Hacker-Mutant | -4/Upper Caves Mutant | -4/Upper Caves Scavenger-Tank | -4/Warlord Scavenger-Tank | -3/Proximity Caves Scavenger-Skirmisher | -3/Research Scavenger-Skirmisher | -2/Research Scavenger-Tank | -1/Access Scavenger-Mutant | -1/Command Resources | -11 -10 -10 -10 -9 -8 -8 -7 -7 -7 -7 -6 -6 -6 -6 -6 -6 -5 -5 -5 -5 -4 -4 -4 -4 -4 -3 -3 -2 -1 -1 ----------- Run | Yrd Mat Min Exi Min Mat Sto Fac Low Low Dat Pro Fac Ext Cet Arc Hub Fac Upp Upp Zhi Pro Fac Upp Upp War Pro Res Res Acc Com Matter Collected 18323 | 155 51 125 . 307 600 1046 980 111 79 . 61 1405 872 336 449 1820 2025 237 294 347 126 728 335 735 156 64 388 330 360 3801 Remotely 10 | . . . . . . . . . . . . . . . . . . . . . . . . 10 . . . . . . Salvage Created 23205 | . 31 31 . 264 1070 1753 1312 270 103 . 36 1479 1302 344 490 4589 2407 235 242 347 126 1027 266 915 19 58 1041 682 979 1787 Parts 1015 | . 4 2 . 9 59 82 50 7 2 . 7 76 66 15 29 189 103 15 14 1 4 42 8 29 . 6 29 23 47 97 Haulers Intercepted 24 | . . . . . 2 4 2 . . . . 3 . . . 2 1 . . . . 3 . . . . 4 3 . . Recyclers Shooed 9 | . . . . . . 1 . . . . . 4 1 . . 1 2 . . . . . . . . . . . . . Parts Field Recycled . | . . . . . . . . . . . . . . . . . . . . . . . . . . . . . . . Retrieved Matter . | . . . . . . . . . . . . . . . . . . . . . . . . . . . . . . . Parts Self-Destructed 61 | . . . . . . . . 5 1 . 6 . . . . . . 10 9 . 3 . 3 18 . 6 . . . . Prevented 16 | . . . . . . . . . . . . . . . . . . 2 . 1 1 . 1 11 . . . . . . Parts Restored . | . . . . . . . . . . . . . . . . . . . . . . . . . . . . . . . Kills | -11 -10 -10 -10 -9 -8 -8 -7 -7 -7 -7 -6 -6 -6 -6 -6 -6 -5 -5 -5 -5 -4 -4 -4 -4 -4 -3 -3 -2 -1 -1 ------- Run | Yrd Mat Min Exi Min Mat Sto Fac Low Low Dat Pro Fac Ext Cet Arc Hub Fac Upp Upp Zhi Pro Fac Upp Upp War Pro Res Res Acc Com Combat Hostiles Destroyed 374 | . 2 2 . 12 23 29 21 1 3 . 4 12 14 5 4 55 43 11 12 . 4 16 8 16 1 4 13 3 22 34 Melee 23 | . . . . . . . 3 1 1 . . . 9 2 . . 2 1 3 . 1 . . . . . . . . . Guns 195 | . 2 2 . 9 14 24 16 . . . . 9 4 3 4 55 25 1 . . . 1 . 2 . 4 1 . 5 14 Cannons 41 | . . . . 3 . . . . . . . . . . . . 3 . . . . 2 1 5 1 . 12 1 4 9 AOE 96 | . . . . . 9 5 2 . 2 . 4 2 . . . . 11 9 9 . 2 10 7 6 . . . . 10 8 Classes Destroyed 26 | . 1 . . 3 6 3 1 . . . . . 2 . . 4 1 1 . . 1 . . . . . . . . 3 Worker 29 | . . . . . . 6 1 . . . . 4 . . . 9 2 . . . . 2 . . . . 1 . 2 2 Builder 11 | . . . . . . 1 . . . . . 1 2 . . 2 4 . . . . . . . . . . 1 . . Tunneler 2 | . . . . 1 . . 1 . . . . . . . . . . . . . . . . . . . . . . . Hauler 24 | . . . . . 2 4 2 . . . . 3 . . . 2 1 . . . . 3 . . . . 4 3 . . Recycler 15 | . . . . . 2 1 2 . . . . 2 2 . . 4 1 . . . . . . . . . . . . 1 Minesweeper 1 | . . . . . . . . . . . . . . . . . . 1 . . . . . . . . . . . . Mechanic 2 | . . . . . 1 . . . . . . . . . . . 1 . . . . . . . . . . . . . Operator 11 | . . . . . 2 . . . . . . . 1 . 5 2 . . . . . . . . . . . . . 1 Drone 2 | . . . . . . . . . . . . . . . . . . . . . 2 . . . . . . . . . Watcher 19 | . . . . . 3 2 1 . . . . 2 1 1 . 3 1 . . . . 2 . . . . . 1 2 . Swarmer 80 | . 2 2 . . 9 1 2 . 1 . 4 2 1 . . . 4 9 9 . . 7 4 7 . 4 . . 10 2 Saboteur 1 | . . . . . . . . . . . . . . . . . 1 . . . . . . . . . . . . . Grunt 126 | . . . . 3 8 14 15 . 1 . . . 7 . . 33 14 2 3 . . 2 2 5 . . 10 1 2 4 Brawler 9 | . . . . . . 2 . . . . . . . . . 2 2 . . . . . . 2 1 . . . . . Duelist 7 | . . . . . . . . . . . . . . . . 1 1 . . . . . 1 1 . . 1 . 2 . Protector 2 | . . . . . . . . . . . . . . . . 1 1 . . . . . . . . . . . . . Sentry 52 | . . . . . 6 12 1 1 1 . . 6 3 . 4 5 3 . . . . 3 1 1 . . 1 2 . 2 Specialist 2 | . . . . . . . . . . . . . . . . 2 . . . . . . . . . . . . . . Hunter 24 | . . . . . . . . . . . . . 2 . . 6 7 . . . 2 2 . . . . 1 . 2 2 Programmer 44 | . . . . . . . 3 . . . . 4 . . . 3 10 . . . . 2 . . . . . . 5 17 Heavy 2 | . . . . . . . . . . . . . . . . 2 . . . . . . . . . . . . . . Behemoth 1 | . . . . . . . . . . . . . 1 . . . . . . . . . . . . . . . . . Cetus Guard 5 | . . . . . . . . . . . . . . 5 . . . . . . . . . . . . . . . . Executioner 4 | . . . . . . . . . . . . . . . . . . . . . . . . . . . . . . 4 Alpha 7 2 | . . . . . . . . . . . . . . . . . . . . . . . . . . . . . . 2 Assembled 9 | . . . . 9 . . . . . . . . . . . . . . . . . . . . . . . . . . Martyr 1 | . . . . . . . . . . . . . . . . . . . . . . . . . . . . . . 1 Guerrilla 1 | . . . . . . . . . . . . . 1 . . . . . . . . . . . . . . . . . Best Kill Streak 14 | . 2 2 . 4 9 14 9 1 3 . 4 4 3 2 2 11 9 5 5 . 2 6 4 5 1 4 5 2 7 5 Combat Bots Only 8 | . 2 2 . 4 6 6 8 1 3 . 4 4 2 2 1 8 8 5 5 . 2 6 4 5 1 4 5 1 5 5 Max Kills in Single Turn 6 | . 1 1 . 1 2 4 2 1 1 . 2 2 2 1 2 4 3 2 3 . 2 4 3 2 1 1 2 1 6 2 Gunslinging 1 | . . . . . . 1 . . . . . . . . . 1 1 . . . . . . . . . . . . . Exploded 5 | . . . . . 2 2 2 . 1 . 2 1 . . . . 2 2 3 . 2 4 3 2 . . . . 5 2 Melee 1 | . . . . . . . 1 1 1 . . . 1 1 . . 1 1 1 . 1 . . . . . . . . . Uniques/NPCs Destroyed 1 | . . . . . . . . . . . . . . . . . . . . . . . . . . . . . 1 . 6S-H0T (-1/Access) Combat | -11 -10 -10 -10 -9 -8 -8 -7 -7 -7 -7 -6 -6 -6 -6 -6 -6 -5 -5 -5 -5 -4 -4 -4 -4 -4 -3 -3 -2 -1 -1 -------- Run | Yrd Mat Min Exi Min Mat Sto Fac Low Low Dat Pro Fac Ext Cet Arc Hub Fac Upp Upp Zhi Pro Fac Upp Upp War Pro Res Res Acc Com Hostile Shots Fired 2585 | . 14 6 . 28 64 75 77 18 27 . 25 141 174 21 17 153 339 27 56 . 46 151 23 86 1 29 84 20 187 696 Missed 933 | . 4 . . 6 29 21 40 9 15 . 11 66 62 6 5 37 89 15 17 . 21 58 13 19 . 11 33 7 101 238 Hits 1652 | . 10 6 . 22 35 54 37 9 12 . 14 75 112 15 12 116 250 12 39 . 25 93 10 67 1 18 51 13 86 458 Melee 42 | . . . . 7 . 2 . . . . 1 . . . . 1 7 . . . . 5 . 7 . . . . . 12 Projectile 1610 | . 10 6 . 15 35 52 37 9 12 . 13 75 112 15 12 115 243 12 39 . 25 88 10 60 1 18 51 13 86 446 AOE 10 | . . . . . . . 1 . . . . . . . . . . . . . . . . . . . . . . 9 Critical Strikes 97 | . . . . 1 1 4 1 . . . 2 1 . 5 3 1 14 . 1 . . 5 . 4 . . 5 . 7 42 Actively Blocked 3 | . . . . . . . . . . . . . . . . . . . . . . . . . . . . . 2 1 Part Disruptions 5 | . . . . . . . . 2 . . . . . . . . . . . . . . . . . . . . . 3 Damage Taken 33266 | . 105 46 . 410 474 827 658 122 101 . 270 845 1519 454 470 2273 5143 199 671 . 429 1829 194 1553 146 286 1011 313 1809 11109 Core 4089 | . 40 22 . 83 58 151 155 11 14 . 37 116 203 52 23 185 534 53 152 . 102 200 43 139 . 47 149 . 162 1358 Absorbed by Shields 66 | . . . . . . . . . . . . . 66 . . . . . . . . . . . . . . . . . Reduced by Siege Mode 219 | . . . . . . . . . . . . . . . 31 152 36 . . . . . . . . . . . . . Redirected to Shielding 329 | . . . . . . . . . . . . . . . . . 57 45 . . . . . . . . . . 19 208 Ignored by Resistances 1085 | . . . . . . . 6 . . . . 12 . . . . . . . . . 224 . 17 . 134 72 . 106 514 Regen/Repaired (Parts) 1342 | . . . . . 163 196 . . . . . 114 . . . . 145 . . . . 321 . . 206 . . 14 88 95 Core Remaining (%) 57 | 100 . . . 42 . 62 . . . . 69 . . . . 31 . . . . 15 . . . . 62 88 100 . 5 Volleys Fired 1097 | . 9 4 . 33 67 78 63 . 5 . 2 53 41 14 24 96 113 22 6 . 2 43 10 56 1 9 63 25 80 178 Largest 4 | . 2 2 . 2 3 3 3 . 1 . 1 4 3 3 4 4 4 1 1 . 1 1 1 3 3 1 3 1 1 4 Hottest 330 | . 40 40 . 101 116 111 75 . 39 . 39 132 99 105 140 140 240 80 80 . 80 90 105 201 330 60 330 110 110 300 Shots Fired 2456 | . 18 8 . 54 161 208 177 . 5 . 2 167 72 42 96 367 288 23 6 . 2 43 10 77 3 9 108 28 80 402 Gun 1946 | . 18 8 . 44 150 201 176 . . . . 164 48 42 96 367 255 18 1 . . 13 . 42 . 9 4 . 16 274 Cannon 411 | . . . . 10 . . . . . . . . 24 . . . 18 . . . . 22 5 29 3 . 104 28 61 107 Launcher 99 | . . . . . 11 7 1 . 5 . 2 3 . . . . 15 5 5 . 2 8 5 6 . . . . 3 21 Special . | . . . . . . . . . . . . . . . . . . . . . . . . . . . . . . . Kinetic 1736 | . 18 8 . 27 84 154 176 . . . . 164 72 42 96 367 216 17 1 . . 5 . 37 . . . . 10 242 Thermal 388 | . . . . 5 64 47 . . . . . . . . . . 57 1 . . . 5 3 16 3 . 101 . . 86 Explosive 92 | . . . . . 11 7 1 . 5 . 2 3 . . . . 15 5 5 . 2 8 5 6 . . . . . 17 Electromagnetic 204 | . . . . 22 2 . . . . . . . . . . . . . . . . 25 2 18 . . 3 28 51 53 Entropic 36 | . . . . . . . . . . . . . . . . . . . . . . . . . . 9 4 . 19 4 Robot Hit Streak 25 | . 3 3 . 7 11 16 12 . 2 . 3 16 7 10 23 25 15 4 8 . 10 16 8 12 5 7 9 9 5 15 Robot Miss Streak 8 | . 4 3 . 3 5 4 5 . 1 . . 6 5 2 2 4 5 1 . . . 2 1 2 . 3 3 2 5 8 Penetration Max 2 | . . . . . . . . . . . . 2 2 1 1 1 1 1 . . . . . 1 . . . . . 1 Secondary Targets 23 | . . . . . . 3 . . . . . . . . . 14 4 . . . . . . . . . . . . 2 Max Gunslinging Chain 2 | . . . . . . 1 . . . . . . . . . 2 1 . . . . . . . . . . . . 1 Capacitor 196 | . . . . . . . . . . . . . . . . . . . . . . 20 5 19 . . 41 28 61 22 Shots Hit Robots 1680 | . 9 4 5 38 87 133 128 6 3 . 3 97 79 36 66 238 197 14 14 10 7 51 9 54 3 8 65 28 44 244 Core Hits 902 | . 2 2 . 22 49 72 48 4 4 . 6 54 46 13 23 144 111 14 11 2 4 30 13 28 1 7 34 11 33 114 Critical Kills 76 | . . . . . 1 . 3 . . . . 17 9 2 4 22 8 1 . . 1 1 . . . . . . . 7 Critical Parts Destroyed 143 | . 1 . . . . . 6 1 . . . 21 9 2 8 40 28 2 . 2 1 . . . . . . . 2 20 Critical Strikes 273 | . 1 . . . 4 6 11 1 . . . 41 33 8 14 63 41 3 2 2 3 1 . 2 . . . . 2 35 Burn 14 | . . . . . 3 5 . . . . . . . . . . 5 . . . . . . . . . . . . 1 Meltdown 2 | . . . . . . . . . . . . . . . . . . . . . . 1 . . . . . . . 1 Destroy 218 | . 1 . . . 1 1 5 . . . . 40 22 7 14 63 33 3 . . . . . . . . . . . 28 Blast 5 | . . . . . . . . . . . . . . . . . . . . . . . . 2 . . . . . 3 Corrupt 2 | . . . . . . . . . . . . . . . . . . . . . . . . . . . . . . 2 Smash 15 | . . . . . . . 4 1 . . . 1 2 . . . 3 . . 2 2 . . . . . . . . . Sever 15 | . . . . . . . 2 . . . . . 9 1 . . . . 2 . 1 . . . . . . . . . Detonate 2 | . . . . . . . . . . . . . . . . . . . . . . . . . . . . . 2 . Melee Attacks 260 | . . . 5 . . . 24 7 5 . 5 11 52 8 . . 22 3 17 10 9 63 1 . . . . 8 10 . Thermal 1 | . . . . . . . . . . . . . . . . . 1 . . . . . . . . . . . . . Impact 98 | . . . . . . . 16 2 1 . 1 5 11 . . . 8 . 3 2 7 42 . . . . . . . . Slashing 148 | . . . . . . . 8 5 4 . 4 6 41 8 . . 13 3 14 8 2 21 1 . . . . . 10 . Piercing 8 | . . . . . . . . . . . . . . . . . . . . . . . . . . . . 8 . . Sneak Attacks 31 | . . . 4 . . . 5 . . . . 5 3 . . . 1 1 1 . . 5 . . . . . 5 1 . Combat Hostiles 5 | . . . . . . . 2 . . . . . 2 . . . . . 1 . . . . . . . . . . . Follow-up Attacks 36 | . . . . . . . 5 2 . . 2 1 16 2 . . 2 . 2 2 1 1 . . . . . . . . Damage Inflicted 64676 | . 96 37 . 448 2516 3390 3024 385 276 . 347 1527 2403 1165 1740 8304 7634 1059 1355 724 391 2930 764 2599 125 411 2979 1338 4287 12422 Guns 29648 | . 96 37 . 312 1446 2426 2125 . . . . 760 309 848 1740 7811 4621 112 . . . 272 . 739 . 411 243 . 946 4394 Cannons 9499 | . . . . 136 . . . . . . . . 337 . . . 317 . . . . 620 147 857 125 . 2647 685 1256 2372 Explosions 17894 | . . . . . 1070 964 128 . 235 . 286 136 . . . 491 2197 840 968 . 198 1077 617 1003 . . 74 . 1954 5656 Melee 7618 | . . . . . . . 771 385 41 . 61 631 1757 317 . . 499 107 387 724 193 961 . . . . . 653 131 . Ramming 17 | . . . . . . . . . . . . . . . . 2 . . . . . . . . . . 15 . . . Kinetic 25140 | . 96 37 . 189 682 1666 2125 . . . . 760 646 848 1740 7811 3999 77 . . . 66 . 970 . . . . . 3428 Thermal 8139 | . . . . 36 723 760 . . . . . . . . . . 939 35 . . . 125 107 168 125 . 2653 . 199 2269 Explosive 12701 | . . . . . 1070 964 128 . 235 . 286 136 . . . . 2197 840 968 . 198 1077 617 1003 . . 32 . . 2950 Electromagnetic 5000 | . . . . 223 41 . . . . . . . . . . 491 . . . . . 701 40 458 . . 36 685 1256 1069 Impact 3000 | . . . . . . . 549 163 . . 34 367 403 . . . 198 . 86 172 161 867 . . . . . . . . Slashing 3965 | . . . . . . . 222 222 41 . 27 264 1354 317 . . 301 107 301 552 32 94 . . . . . . 131 . Piercing 653 | . . . . . . . . . . . . . . . . . . . . . . . . . . . . 653 . . Entropic 6061 | . . . . . . . . . . . . . . . . . . . . . . . . . . 411 243 . 2701 2706 Highest Corruption 51 | . . . . . . . 7 7 7 7 11 . . . 3 2 14 14 14 14 14 4 4 24 25 . 4 6 3 51 Average Corruption 9 | . . . . . . . 2 7 7 7 7 . . . 2 2 6 14 14 14 14 1 4 14 24 . 4 5 2 18 Corruption Purged 3 | . . . . . . . . . . . . . . . 3 . . . . . . . . . . . . . . . Corruption Blocked 13 | . . . . . . . . . . . . . . . . . . . . . . . . . . . . . . 13 Effects 416 | . . . . . . . 20 13 9 1 2 . . . 1 6 72 11 15 4 7 10 11 59 2 . 10 29 12 122 Message Errors 113 | . . . . . . . 4 6 3 . . . . . . 1 18 1 4 2 2 1 5 22 2 . 3 4 5 30 Matter Fused 97 | . . . . . . . 8 3 1 1 1 . . . . . 24 1 2 . 1 5 1 12 . . 1 10 1 25 Heat Flow Errors 48 | . . . . . . . 1 3 2 . . . . . 1 . 11 2 2 1 3 . 2 7 . . 1 2 . 10 Energy Discharges 41 | . . . . . . . 1 1 1 . 1 . . . . 2 5 1 1 1 . 2 1 7 . . . 3 4 10 Parts Rejected 9 | . . . . . . . . . 1 . . . . . . . . 2 . . . . 1 . . . . 1 1 3 Parts Fused 6 | . . . . . . . 1 . . . . . . . . . 1 . . . . 1 . . . . 1 . . 2 Data Loss (minor) 36 | . . . . . . . 3 . 1 . . . . . . 2 . 2 2 . 1 1 1 4 . . 1 3 . 15 Data Loss (major) 17 | . . . . . . . . . . . . . . . . . 5 . 2 . . . . 2 . . . 3 1 4 Misfires 15 | . . . . . . . . . . . . . . . . . 2 1 1 . . . . 1 . . 3 3 . 4 Alerts 10 | . . . . . . . 1 . . . . . . . . . 2 1 . . . . . 3 . . . . . 3 Misdirections 8 | . . . . . . . . . . . . . . . . . 2 . . . . . . . . . . . . 6 Weapon Failures 16 | . . . . . . . 1 . . . . . . . . 1 2 . 1 . . . . 1 . . . . . 10 Overload Shots 4 | . . . . . . . . . . . . . . . . . 4 . . . . . . . . . . . . . Overflow Damage 2610 | . . . . . 62 3 259 87 50 . . 200 157 . . 18 194 32 250 249 44 218 6 172 12 . 16 169 248 164 Projectiles 194 | . . . . . . . . . . . . . . . . . . . . 23 . 20 . . 12 . 16 . 43 80 Explosions 974 | . . . . . 62 3 . . 50 . . . . . . 18 44 32 250 . . 48 6 172 . . . . 205 84 Melee 1442 | . . . . . . . 259 87 . . . 200 157 . . . 150 . . 226 44 150 . . . . . 169 . . Knockbacks 26 | . . . . . . . 2 . . . . 1 2 . . . . . 1 2 1 . . 4 . . . . . 13 Impact 8 | . . . . . . . 2 . . . . 1 2 . . . . . 1 1 1 . . . . . . . . . Kinetic 15 | . . . . . . . . . . . . . . . . . . . . . . . . 3 . . . . . 12 Secondary 3 | . . . . . . . . . . . . . . . . . . . . 1 . . . 1 . . . . . 1 Self-Inflicted Damage 445 | . . . . . . . . . . . . 38 . . . 92 143 . 53 . . . . . . . . . 93 26 Shots 9 | . . . . . . . . . . . . 1 . . . 1 3 . 2 . . . . . . . . . 1 1 Rammed 2 | . . . . . . . . . . . . . . . . 1 . . . . . . . . . . . . . 1 Targets Rammed 3 | . . . . . . . . . . . . . . . . 1 . . . . . . . . . . 1 . . 1 Kicked 1 | . . . . . . . . . . . . . . . . . . . . . . . . . . . 1 . . . Crushed . | . . . . . . . . . . . . . . . . . . . . . . . . . . . . . . . Highest Temperature 660 | . . . . 194 292 329 287 293 259 . 29 178 119 317 327 154 660 247 268 191 238 40 9 43 . . 197 . 240 262 Average Temperature 92 | . . . . 66 98 110 104 125 114 . 16 53 27 151 98 36 124 60 114 99 113 18 9 37 . . 111 . 149 93 Received Heat Transfer 4230 | . . . . 126 225 387 189 24 30 . 93 163 331 27 108 465 571 36 129 . . 246 54 335 9 . 256 36 108 282 Effects 16 | . . . . . 2 2 1 2 . . . . . . . . 9 . . . . . . . . . . . . . Shutdowns 3 | . . . . . . . . . . . . . . . . . 3 . . . . . . . . . . . . . Energy Bleed 3 | . . . . . 2 . 1 . . . . . . . . . . . . . . . . . . . . . . . Interference 7 | . . . . . . 2 . 2 . . . . . . . . 3 . . . . . . . . . . . . . Matter Decay 1 | . . . . . . . . . . . . . . . . . 1 . . . . . . . . . . . . . Short Circuit 1 | . . . . . . . . . . . . . . . . . 1 . . . . . . . . . . . . . Damage (core) 1 | . . . . . . . . . . . . . . . . . 1 . . . . . . . . . . . . . Siege Activations 18 | . . . . . . . . . . . . . . . 5 11 2 . . . . . . . . . . . . . Total Turns 354 | . . . . . . . . . . . . . . . 58 264 32 . . . . . . . . . . . . . Longest Duration 91 | . . . . . . . . . . . . . . . 16 91 18 . . . . . . . . . . . . . Martial Activations . | . . . . . . . . . . . . . . . . . . . . . . . . . . . . . . . Shielding Activations 1 | . . . . . . . . . . . . . . . . . . . . . . . . . . . . . . 1 Total Turns 19 | . . . . . . . . . . . . . . . . . . . . . . . . . . . . . . 19 Longest Duration 19 | . . . . . . . . . . . . . . . . . . . . . . . . . . . . . . 19 Robots Disrupted 5 | . . . . . . . . . . . . . . . . . . . . . . . . . . . 1 4 . . Combat Hostiles 3 | . . . . . . . . . . . . . . . . . . . . . . . . . . . 1 2 . . Robots Corrupted 23 | . . . . . . . . . . . . 2 1 . . . 2 . . 1 1 5 . 3 . . . 3 3 2 Combat Hostiles 18 | . . . . . . . . . . . . 1 1 . . . 2 . . 1 1 2 . 3 . . . 2 3 2 Parts Fried 47 | . . . . . . . 5 . . . . 3 5 . . 3 1 1 . . . 5 . 2 . . . 6 11 5 Impact Corruptions 38 | . . . . . . . 9 4 . . . 6 3 . . . 3 . . 5 1 7 . . . . . . . . Robots Melted 2 | . . . . . . . . . . . . . . . . . . . . . . 1 . . . . . . . 1 Combat Hostiles 2 | . . . . . . . . . . . . . . . . . . . . . . 1 . . . . . . . 1 Parts Melted 20 | . . . . . 1 3 . . . . . . 2 2 . . 3 . . . . 1 . . . . 1 . . 7 Heat Transferred 8484 | . . . . 75 1591 1739 . . . . . . . . . . 1858 37 . . . 200 111 372 . . 50 . 50 2401 Parts Sabotaged . | . . . . . . . . . . . . . . . . . . . . . . . . . . . . . . . Parts Stolen . | . . . . . . . . . . . . . . . . . . . . . . . . . . . . . . . Parts Stripped . | . . . . . . . . . . . . . . . . . . . . . . . . . . . . . . . Power Chain Reactions 1 | . . . . . . . . . . . . . . . . . . . . . . . . . . . 1 . . . Alert | -11 -10 -10 -10 -9 -8 -8 -7 -7 -7 -7 -6 -6 -6 -6 -6 -6 -5 -5 -5 -5 -4 -4 -4 -4 -4 -3 -3 -2 -1 -1 ------- Run | Yrd Mat Min Exi Min Mat Sto Fac Low Low Dat Pro Fac Ext Cet Arc Hub Fac Upp Upp Zhi Pro Fac Upp Upp War Pro Res Res Acc Com Maximum Alert Level 5 | . . . . . 2 2 2 . . . . . 1 . . 5 4 . . . . 1 . . . . . . 2 2 Low Security (%) 40 | 100 100 100 . 100 26 4 16 . . . . 100 69 100 100 6 . . . . . 39 . . . . 100 100 34 1 Level 1 28 | . . . . . 35 22 59 . . . . . 30 . . 5 . . . . . 60 . . . . . . 16 98 Level 2 14 | . . . . . 38 72 24 . . . . . . . . 48 . . . . . . . . . . . . 48 . Level 3 8 | . . . . . . . . . . . . . . . . 30 47 . . . . . . . . . . . . . Level 4 7 | . . . . . . . . . . . . . . . . 4 52 . . . . . . . . . . . . . Level 5 . | . . . . . . . . . . . . . . . . 2 . . . . . . . . . . . . . . High Security . | . . . . . . . . . . . . . . . . 2 . . . . . . . . . . . . . . Max Security . | . . . . . . . . . . . . . . . . . . . . . . . . . . . . . . . Peak Influence 1768 | . 45 65 . 60 528 624 446 . . . . 181 341 120 90 1768 1469 . . . . 342 . . . . 143 165 515 412 Initial 1100 | . . . . . . 170 231 . . . . 18 46 120 . . 1100 . . . . 300 . . . . . 51 30 329 Average 360 | . 13 23 . 8 307 462 295 . . . . 59 147 41 36 698 1102 . . . . 219 . . . . 98 35 293 283 Influence Increases 15163 | . 70 65 . 75 909 950 771 25 120 . 90 683 1207 246 203 2364 1501 305 285 15 60 1259 195 544 20 90 493 278 985 1355 Destroy 0b10 Robot/C 7720 | . 40 40 . 60 460 580 440 20 60 . 80 240 520 160 80 1080 840 220 240 . 40 340 160 400 20 80 260 160 420 680 Destroy 0b10 Robot/NC 625 | . . . . 5 50 70 40 5 . . . 60 30 10 25 115 55 5 . 15 10 35 . 5 . . 25 25 20 20 Destroy Leader 1516 | . 10 10 . 10 140 182 108 . . . 10 110 72 . . 260 164 20 30 . 10 90 20 20 . 10 28 48 64 100 Allied During Kill 589 | . . . . . . . 36 . . . . . 453 59 4 5 . . . . . 3 . 29 . . . . . . Successful Hack 640 | . 5 . . . 39 36 93 . . . . 55 15 . . 14 105 . . . . 96 . . . . 67 . 28 87 Disable Machine 690 | . . . . . 75 15 . . . . . 15 15 . 75 345 60 . . . . 30 . . . . 15 . . 45 Destroy Structure 1538 | . . . . . 55 52 9 . . . . 38 42 17 19 320 202 . . . . 140 . . . . 98 45 258 243 Advance Influence 300 | . . . . . . . . . . . . . . . . . . . . . . 300 . . . . . . . . Partial Spotted 105 | . . . . . 15 . 45 . . . . 30 . . . . . . . . . . . . . . . . 15 . Lose Combat Pursuer 1440 | . 15 15 . . 75 15 . . 60 . . 135 60 . . 225 75 60 15 . . 225 15 90 . . . . 180 180 Influence Decreases 15180 | . 70 40 25 75 504 845 1011 295 110 10 60 616 1089 461 203 596 2037 734 428 910 60 1008 314 674 22 90 402 318 521 1652 Entered New Map 3716 | . . . 25 . . 235 279 100 . 10 . 12 51 95 . . 903 544 198 895 . . 94 26 2 . . 40 21 186 Time Decay 7775 | . 70 40 . 75 344 440 502 195 100 . 40 408 548 153 193 566 684 170 180 15 50 478 180 468 20 90 392 228 440 706 Search Patrol Dispatched 100 | . . . . . . . . . . . . . . . . . . . . . . 100 . . . . . . . . Lost Part 1600 | . . . . . 10 20 30 . 10 . 20 10 80 . 10 10 300 10 40 . 10 70 20 140 . . 10 . 60 740 Lost Ally 753 | . . . . . . . 50 . . . . . 260 213 . 20 . 10 10 . . 60 20 40 . . . 50 . 20 Purge Threat 1236 | . . . . . 150 150 150 . . . . 186 150 . . . 150 . . . . 300 . . . . . . . . Squads Dispatched 119 | . . . . . 3 1 12 . . . 1 13 1 . . 21 19 . . . . 8 . 1 . . 10 . 9 20 Investigation 30 | . . . . . 2 1 5 . . . . 7 . . . 5 3 . . . . . . . . . 4 . 2 1 Extermination 34 | . . . . . . . 3 . . . . 5 . . . 2 5 . . . . 3 . . . . . . 3 13 Reinforcement 36 | . . . . . 1 . 2 . . . . 1 1 . . 7 6 . . . . 5 . . . . 6 . 1 6 Assault 11 | . . . . . . . . . . . 1 . . . . 4 5 . . . . . . 1 . . . . . . Garrison 8 | . . . . . . . 2 . . . . . . . . 3 . . . . . . . . . . . . 3 . Intercept . | . . . . . . . . . . . . . . . . . . . . . . . . . . . . . . . Searches Triggered 1 | . . . . . . . . . . . . . . . . . . . . . . 1 . . . . . . . . Unchained Authorized 2 | . . . . . . . . . . . . . . . . . . . . . . 1 . . . . . . 1 . Data Miner Redirects 9 | . . . . . . . . . . . . 1 . . . 3 4 . . . . . . . . . . . 1 . Construction Impeded 4 | . . . . . . . . . . . . . . . . 1 2 . . . . . . . . . 1 . . . Haulers Reinforced 9 | . . . . . . . 2 . . . . 1 . . . 2 1 . . . . 1 . . . . 2 . . . Active Scanning Responses . | . . . . . . . . . . . . . . . . . . . . . . . . . . . . . . . Cargo Convoy Interrupts . | . . . . . . . . . . . . . . . . . . . . . . . . . . . . . . . Stealth | -11 -10 -10 -10 -9 -8 -8 -7 -7 -7 -7 -6 -6 -6 -6 -6 -6 -5 -5 -5 -5 -4 -4 -4 -4 -4 -3 -3 -2 -1 -1 --------- Run | Yrd Mat Min Exi Min Mat Sto Fac Low Low Dat Pro Fac Ext Cet Arc Hub Fac Upp Upp Zhi Pro Fac Upp Upp War Pro Res Res Acc Com Distress Signals 44 | . . . . 1 4 1 3 . . . . . 5 2 . 5 2 . . . . 6 . . 1 . 4 2 1 7 Communications Jammed 6 | . . . . . . . . . . . . . . . . . . . . . . 6 . . . . . . . . Distress Signals 6 | . . . . . . . . . . . . . . . . . . . . . . 6 . . . . . . . . Times Spotted 662 | . 6 3 . 12 40 34 31 1 7 . 16 32 33 11 11 74 58 15 14 . 6 51 8 19 9 4 32 14 40 81 Peak Tracking Total 23 | . 3 3 . 3 5 6 4 1 4 . 11 4 4 5 1 10 7 6 6 . 2 23 4 7 4 4 5 2 14 9 Tactical Retreats 62 | . 1 1 . . 3 1 . . 1 . . 5 4 . . 9 4 3 1 . . 8 1 4 . . . . 7 9 Traps | -11 -10 -10 -10 -9 -8 -8 -7 -7 -7 -7 -6 -6 -6 -6 -6 -6 -5 -5 -5 -5 -4 -4 -4 -4 -4 -3 -3 -2 -1 -1 ------- Run | Yrd Mat Min Exi Min Mat Sto Fac Low Low Dat Pro Fac Ext Cet Arc Hub Fac Upp Upp Zhi Pro Fac Upp Upp War Pro Res Res Acc Com Traps Triggered 22 | . . . . . . 3 2 1 . . . . 5 . . 2 4 . . . . . . . 1 . 2 . 1 1 Indirectly 2 | . . . . . . . . . . . . . . . . 2 . . . . . . . . . . . . . . Trap Hack Attempts 61 | . 61 . . . . . . . . . . . . . . . . . . . . . . . . . . . . . Triggered 1 | . 1 . . . . . . . . . . . . . . . . . . . . . . . . . . . . . Disarmed 6 | . . . . . . . 6 . . . . . . . . . . . . . . . . . . . . . . . Reprogrammed 6 | . 2 . . . . . 4 . . . . . . . . . . . . . . . . . . . . . . . Reused . | . . . . . . . . . . . . . . . . . . . . . . . . . . . . . . . Traps Extracted . | . . . . . . . . . . . . . . . . . . . . . . . . . . . . . . . Installed . | . . . . . . . . . . . . . . . . . . . . . . . . . . . . . . . Triggered . | . . . . . . . . . . . . . . . . . . . . . . . . . . . . . . . Machines | -11 -10 -10 -10 -9 -8 -8 -7 -7 -7 -7 -6 -6 -6 -6 -6 -6 -5 -5 -5 -5 -4 -4 -4 -4 -4 -3 -3 -2 -1 -1 ---------- Run | Yrd Mat Min Exi Min Mat Sto Fac Low Low Dat Pro Fac Ext Cet Arc Hub Fac Upp Upp Zhi Pro Fac Upp Upp War Pro Res Res Acc Com Machines Disabled 47 | . . . . . 5 1 . . . . . 1 2 . 5 23 4 . . . . 2 . . . . 1 . . 3 Max in Single Turn 13 | . . . . . 1 1 . . . . . 1 . . 1 13 2 . . . . 1 . . . . 1 . . 2 Garrison Access 11 | . . . . . . . 2 . . . . 1 . . . 2 1 . . . . . . . . . 2 2 1 . Network Hub 2 | . . . . . . . . . . . . . . . . 2 . . . . . . . . . . . . . . Energy Cycler 1 | . . . . . . . . . . . . . 1 . . . . . . . . . . . . . . . . . Machines Repaired . | . . . . . . . . . . . . . . . . . . . . . . . . . . . . . . . Machines Dismantled . | . . . . . . . . . . . . . . . . . . . . . . . . . . . . . . . Machines Sabotaged . | . . . . . . . . . . . . . . . . . . . . . . . . . . . . . . . Overloaded Fab Kills . | . . . . . . . . . . . . . . . . . . . . . . . . . . . . . . . Hacking | -11 -10 -10 -10 -9 -8 -8 -7 -7 -7 -7 -6 -6 -6 -6 -6 -6 -5 -5 -5 -5 -4 -4 -4 -4 -4 -3 -3 -2 -1 -1 --------- Run | Yrd Mat Min Exi Min Mat Sto Fac Low Low Dat Pro Fac Ext Cet Arc Hub Fac Upp Upp Zhi Pro Fac Upp Upp War Pro Res Res Acc Com Machines Accessed 147 | . 2 . 2 . 11 12 23 2 . 4 . 20 4 . 1 7 15 . . 4 . 13 1 . 2 . 10 2 5 7 Terminals 73 | . 2 . . . 9 9 11 . . . . 11 4 . . 5 6 . . . . 6 . . . . 1 . 3 6 Fabricators 12 | . . . . . . . 5 . . . . 1 . . . . 3 . . . . . . . . . 3 . . . Repair Stations 8 | . . . . . 1 2 . . . . . 2 . . . . 1 . . . . 1 . . . . 1 . . . Recycling Units 13 | . . . . . . 1 2 . . . . 3 . . . . 2 . . . . 4 . . . . . . . 1 Scanalyzers 13 | . . . . . 1 . 2 . . . . 2 . . . . 2 . . . . 2 . . . . 3 . 1 . Garrison Access 12 | . . . . . . . 3 . . . . 1 . . . 2 1 . . . . . . . . . 2 2 1 . Total Hacks 494 | . 10 . 5 . 35 34 73 4 . 25 . 55 13 . 2 11 55 . . 17 . 62 1 . 2 . 42 5 26 17 Successful 259 | . 3 . 5 . 18 16 35 4 . 25 . 21 4 . 2 8 22 . . 17 . 46 1 . 2 . 12 2 10 6 Failed 232 | . 7 . . . 17 18 38 . . . . 34 9 . . 3 32 . . . . 15 . . . . 30 3 15 11 Catastrophic 48 | . 1 . . . 3 4 6 . . . . 10 2 . . . 7 . . . . 1 . . . . 3 1 6 4 Database Lockouts 3 | . . . . . . . . . . . . . . . . . 1 . . . . 1 . . . . . . 1 . Manual 130 | . 5 . 1 . 24 5 21 . . . . 15 13 . . 5 6 . . . . 21 . . 1 . 5 . 6 2 Terminals 275 | . 10 . . . 30 26 48 . . . . 38 13 . . 7 24 . . . . 40 . . . . 4 . 20 15 Fabricators 41 | . . . . . . . 11 . . . . 3 . . . . 14 . . . . . . . . . 13 . . . Repair Stations 26 | . . . . . 2 6 . . . . . 3 . . . . 4 . . . . 6 . . . . 5 . . . Recycling Units 26 | . . . . . . 2 4 . . . . 5 . . . . 5 . . . . 8 . . . . . . . 2 Scanalyzers 41 | . . . . . 3 . 5 . . . . 4 . . . . 6 . . . . 8 . . . . 11 . 4 . Garrison Access 29 | . . . . . . . 5 . . . . 2 . . . 4 2 . . . . . . . . . 9 5 2 . Terminal Hacks 144 | . . . 5 . 7 8 16 4 . 25 . 13 2 . 2 2 5 . . 17 . 25 1 . 2 . 1 . 4 5 Record 25 | . . . 4 . . . . 3 . 7 . . . . 2 . . . . 5 . . . . . . . . 1 3 Part Schematic 19 | . . . . . . . 2 . . 10 . 3 . . . . . . . 4 . . . . . . . . . . Robot Schematic 7 | . . . . . . 1 1 . . 5 . . . . . . . . . . . . . . . . . . . . Robot Analysis 8 | . . . . . 1 . 2 . . . . . . . . . . . . 4 . . . . . . . . . 1 Prototype ID Bank 9 | . . . . . . . 1 . . 3 . . . . . . . . . 4 . 1 . . . . . . . . Open Door 7 | . . . . . . 2 . 1 . . . 1 . . . . . . . . . . 1 . 2 . . . . . Branch Access Points 4 | . . . . . 1 . 1 . . . . . . . . . 1 . . . . 1 . . . . . . . . Emergency Access Points 2 | . . . . . . . . . . . . . . . . . . . . . . 1 . . . . . . . 1 Machine Index 1 | . . . . . . . . . . . . . . . . . . . . . . 1 . . . . . . . . Terminal Index 4 | . . . . . . 1 1 . . . . . . . . . 1 . . . . . . . . . . . 1 . Scanalyzer Index 1 | . . . . . . . . . . . . 1 . . . . . . . . . . . . . . . . . . Alert Level 7 | . . . . . . 1 . . . . . 1 . . . . . . . . . 4 . . . . . . 1 . Unreport Threat 9 | . . . . . 1 1 1 . . . . 2 1 . . . 1 . . . . 2 . . . . . . . . Locate Traps 10 | . . . . . 1 1 2 . . . . 3 1 . . . . . . . . 2 . . . . . . . . Disarm Traps 1 | . . . . . . . 1 . . . . . . . . . . . . . . . . . . . . . . . Reprogram Traps 3 | . . . . . . . 1 . . . . . . . . . . . . . . 2 . . . . . . . . Transport Status 3 | . . . . . 1 . . . . . . . . . . . . . . . . 2 . . . . . . . . Recall Investigation 1 | . . . . . . . . . . . . . . . . . 1 . . . . . . . . . . . . . Hauler Manifests 4 | . . . . . 1 . 1 . . . . . . . . . . . . . . 2 . . . . . . . . Registered Components 8 | . . . . . 1 1 1 . . . . 1 . . . 1 1 . . . . 1 . . . . 1 . . . Registered Prototypes 4 | . . . . . . . 1 . . . . . . . . . . . . . . 2 . . . . . . 1 . Zone Layout 6 | . . . . . . . . . . . . 1 . . . 1 . . . . . 4 . . . . . . . . Proto ID Catalog 1 | . . . 1 . . . . . . . . . . . . . . . . . . . . . . . . . . . Fabricator Hacks 21 | . . . . . . . 7 . . . . 2 . . . . 8 . . . . . . . . . 4 . . . Network Status 6 | . . . . . . . 2 . . . . 1 . . . . 2 . . . . . . . . . 1 . . . Load Schematic 8 | . . . . . . . 2 . . . . 1 . . . . 3 . . . . . . . . . 2 . . . Build 7 | . . . . . . . 3 . . . . . . . . . 3 . . . . . . . . . 1 . . . Repair Station Hacks 16 | . . . . . 2 5 . . . . . 2 . . . . 1 . . . . 5 . . . . 1 . . . Scan Component 10 | . . . . . 1 3 . . . . . 1 . . . . 1 . . . . 3 . . . . 1 . . . Repair 6 | . . . . . 1 2 . . . . . 1 . . . . . . . . . 2 . . . . . . . . Recycling Unit Hacks 12 | . . . . . . 2 2 . . . . 1 . . . . 2 . . . . 4 . . . . . . . 1 Process 1 | . . . . . . 1 . . . . . . . . . . . . . . . . . . . . . . . . Retrieve Matter 1 | . . . . . . 1 . . . . . . . . . . . . . . . . . . . . . . . . Retrieve Components 10 | . . . . . . . 2 . . . . 1 . . . . 2 . . . . 4 . . . . . . . 1 Scanalyzer 18 | . . . . . 3 . 1 . . . . . . . . . 3 . . . . 5 . . . . 3 . 3 . Insert Component 5 | . . . . . 1 . . . . . . . . . . . 1 . . . . 2 . . . . . . 1 . Analyze 4 | . . . . . 1 . . . . . . . . . . . 1 . . . . 1 . . . . . . 1 . Retrieve Study 9 | . . . . . 1 . 1 . . . . . . . . . 1 . . . . 2 . . . . 3 . 1 . Garrison Access Hacks 11 | . . . . . . . 2 . . . . 1 . . . 2 1 . . . . . . . . . 2 2 1 . Seal Access 11 | . . . . . . . 2 . . . . 1 . . . 2 1 . . . . . . . . . 2 2 1 . Unauthorized Hacks 37 | . 3 . . . 6 1 7 . . . . 2 2 . . 4 2 . . . . 7 . . . . 1 . 2 . Terminals 35 | . 3 . . . 6 1 7 . . . . 1 2 . . 4 2 . . . . 7 . . . . . . 2 . Track 1 | . . . . . . . . . . . . . . . . . . . . . . 1 . . . . . . . . Assimilate 2 | . . . . . . . 1 . . . . 1 . . . . . . . . . . . . . . . . . . Botnet 23 | . 2 . . . 5 1 6 . . . . . 2 . . . 2 . . . . 3 . . . . . . 2 . Disrupt 1 | . . . . . . . . . . . . . . . . . . . . . . 1 . . . . . . . . Operators 4 | . 1 . . . 1 . . . . . . . . . . . . . . . . 2 . . . . . . . . Sabotage 4 | . . . . . . . . . . . . . . . . 4 . . . . . . . . . . . . . . Fabricators 1 | . . . . . . . . . . . . . . . . . . . . . . . . . . . 1 . . . Fabnet 1 | . . . . . . . . . . . . . . . . . . . . . . . . . . . 1 . . . Repair Stations 1 | . . . . . . . . . . . . 1 . . . . . . . . . . . . . . . . . . Patch 1 | . . . . . . . . . . . . 1 . . . . . . . . . . . . . . . . . . Recycling Units . | . . . . . . . . . . . . . . . . . . . . . . . . . . . . . . . Scanalyzers . | . . . . . . . . . . . . . . . . . . . . . . . . . . . . . . . Garrison Access . | . . . . . . . . . . . . . . . . . . . . . . . . . . . . . . . Data Cores Recovered 2 | . . . . . 1 . . . . . . . . . . 1 . . . . . . . . . . . . . . Used . | . . . . . . . . . . . . . . . . . . . . . . . . . . . . . . . Hacking Detections 108 | . 2 . . . 11 10 20 . . . . 17 4 . . 2 12 . . . . 10 . . . . 8 1 4 7 Full Trace Events 21 | . . . . . 2 2 4 . . . . 6 . . . . 3 . . . . . . . . . 2 . 1 1 Feedback Events 1 | . . . . . . . . . . . . 1 . . . . . . . . . . . . . . . . . . Hackware Fried 1 | . . . . . . . . . . . . 1 . . . . . . . . . . . . . . . . . . Feedback Blocked . | . . . . . . . . . . . . . . . . . . . . . . . . . . . . . . . Robot Schematics Acquired 7 | . . . . . . 1 1 . . 5 . . . . . . . . . . . . . . . . . . . . Robots Built 3 | . . . . . . . 3 . . . . . . . . . . . . . . . . . . . . . . . Authchips . | . . . . . . . . . . . . . . . . . . . . . . . . . . . . . . . Time 134 | . . . . . . . 134 . . . . . . . . . . . . . . . . . . . . . . . Total Robot Build Rating 12 | . . . . . . . 12 . . . . . . . . . . . . . . . . . . . . . . . Part Schematics Acquired 23 | . . . . . 1 . 2 . . 10 . 3 . . . . 1 . . 4 . 1 . . . . . . 1 . Parts Built 7 | . . . . . . . 3 . . . . . . . . . 3 . . . . . . . . . 1 . . . Authchips . | . . . . . . . . . . . . . . . . . . . . . . . . . . . . . . . Time 488 | . . . . . . . 126 . . . . . . . . . 312 . . . . . . . . . 50 . . . Total Part Build Rating 33 | . . . . . . . 12 . . . . . . . . . 16 . . . . . . . . . 5 . . . Part Studies Acquired 9 | . . . . . 1 . 1 . . . . . . . . . 1 . . . . 2 . . . . 3 . 1 . Parts Repaired 6 | . . . . . 1 2 . . . . . 1 . . . . . . . . . 2 . . . . . . . . Time 237 | . . . . . 19 136 . . . . . 35 . . . . . . . . . 47 . . . . . . . . Parts Recycled . | . . . . . . . . . . . . . . . . . . . . . . . . . . . . . . . Recycled Matter 173 | . . . . . . 173 . . . . . . . . . . . . . . . . . . . . . . . . Retrieved Matter 173 | . . . . . . 173 . . . . . . . . . . . . . . . . . . . . . . . . Retrieved Components 45 | . . . . . . . 12 . . . . . . . . . 12 . . . . 11 . . . . . . . 10 Parts Scanalyzed 4 | . . . . . 1 . . . . . . . . . . . 1 . . . . 1 . . . . . . 1 . Part Schematics Acquired 4 | . . . . . 1 . . . . . . . . . . . 1 . . . . 1 . . . . . . 1 . Parts Damaged . | . . . . . . . . . . . . . . . . . . . . . . . . . . . . . . . Bothacking | -11 -10 -10 -10 -9 -8 -8 -7 -7 -7 -7 -6 -6 -6 -6 -6 -6 -5 -5 -5 -5 -4 -4 -4 -4 -4 -3 -3 -2 -1 -1 ------------ Run | Yrd Mat Min Exi Min Mat Sto Fac Low Low Dat Pro Fac Ext Cet Arc Hub Fac Upp Upp Zhi Pro Fac Upp Upp War Pro Res Res Acc Com Used RIF Installer . | . . . . . . . . . . . . . . . . . . . . . . . . . . . . . . . Robots Hacked 12 | . . . 4 . . . . . . . . . . . . . . . . . . . . . . . . 6 . 2 Non-combat 3 | . . . 3 . . . . . . . . . . . . . . . . . . . . . . . . . . . Combat 9 | . . . 1 . . . . . . . . . . . . . . . . . . . . . . . . 6 . 2 Robot Hacks Applied 4 | . . . 4 . . . . . . . . . . . . . . . . . . . . . . . . . . . parse_system 4 | . . . 4 . . . . . . . . . . . . . . . . . . . . . . . . . . . Relay Couplers Released 4 | . . . . . . . . . . . . . . . . 3 . . . . . . . . . . 1 . . . Machine Destruction 1 | . . . . . . . . . . . . . . . . . . . . . . . . . . . 1 . . . Programmers 3 | . . . . . . . . . . . . . . . . 3 . . . . . . . . . . . . . . Fabnet Peak Effective % 3 | . . . . . . . . . . . . . . . . . . . . . . . . . . . . 3 1 1 Autooverrided 8 | . . . . . . . . . . . . . . . . . . . . . . . . . . . . 6 . 2 Robots Rewired 28 | . . . . . . . . . . . . . 23 . . . . . . . . 1 . 2 . . . 2 . . Allies Hacked . | . . . . . . . . . . . . . . . . . . . . . . . . . . . . . . . Hacks Repelled . | . . . . . . . . . . . . . . . . . . . . . . . . . . . . . . . Allies | -11 -10 -10 -10 -9 -8 -8 -7 -7 -7 -7 -6 -6 -6 -6 -6 -6 -5 -5 -5 -5 -4 -4 -4 -4 -4 -3 -3 -2 -1 -1 -------- Run | Yrd Mat Min Exi Min Mat Sto Fac Low Low Dat Pro Fac Ext Cet Arc Hub Fac Upp Upp Zhi Pro Fac Upp Upp War Pro Res Res Acc Com Total Allies 45 | . . . . . . . 4 . . . . 1 27 . . . . . . . . 1 . 2 . . . 8 . 2 Largest Group 20 | . . . . . . . 3 . . . . 1 20 13 1 1 . . . . . 1 . 2 . . . 3 . 1 Highest-Rated Group 540 | . . . . . . . 60 . . . . 26 540 335 18 18 . . . . . 49 . 94 . . . 120 . 82 Highest-Rated Ally 82 | . . . . . . . 20 . . . . 26 39 39 18 18 . . . . . 49 . 47 . . . 67 . 82 Total Orders 5 | . . . . . . . . . . . . . . . . . . 1 1 . . . 1 . . . . 2 . . STAY 1 | . . . . . . . . . . . . . . . . . . . . . . . . . . . . 1 . . DROP 1 | . . . . . . . . . . . . . . . . . . . . . . . . . . . . 1 . . EXPLORE 3 | . . . . . . . . . . . . . . . . . . 1 1 . . . 1 . . . . . . . Ally Attacks 221 | . . . . . . . 5 . . . . . 122 33 . . . . . . . 8 . 19 . . . 25 . 9 Total Damage 5847 | . . . . . . . 154 . . . . . 2798 643 . . . . . . . 170 . 532 . . . 1448 . 102 Kills 28 | . . . . . . . 2 . . . . . 12 4 . . . . . . . 1 . 4 . . . 5 . . Allies Corrupted . | . . . . . . . . . . . . . . . . . . . . . . . . . . . . . . . Allies Melted 2 | . . . . . . . . . . . . . . . . . . . . . . . . . 1 . . . . 1 Intel | -11 -10 -10 -10 -9 -8 -8 -7 -7 -7 -7 -6 -6 -6 -6 -6 -6 -5 -5 -5 -5 -4 -4 -4 -4 -4 -3 -3 -2 -1 -1 ------- Run | Yrd Mat Min Exi Min Mat Sto Fac Low Low Dat Pro Fac Ext Cet Arc Hub Fac Upp Upp Zhi Pro Fac Upp Upp War Pro Res Res Acc Com Active Infowar (turns) 20670 | . . . . . 757 1080 1356 409 228 44 120 1653 1705 416 467 1856 2432 . . 2 1 384 . 19 936 332 950 1198 1210 3115 Optics 15949 | . . . . . 233 . . . . . . 1022 1705 416 467 1856 2431 . . . . 78 . . 936 332 950 1198 1210 3115 Sensors 19 | . . . . . . . . . . . . . . . . . . . . . . . . 19 . . . . . . Terrain 303 | . . . . . . . . . . . . . . . . . . . . . . 303 . . . . . . . . Traps 2 | . . . . . . . . . . . . . 2 . . . . . . . . . . . . . . . . . T.N.C. 6475 | . . . . . 757 1080 1356 409 228 44 120 1653 828 . . . . . . . . . . . . . . . . . Jamming 77 | . . . . . . . . . . . . . . . . . . . . . . 77 . . . . . . . . ECM 8 | . . . . . . . . . . . . . . . . . 1 . . 2 1 4 . . . . . . . . Robot Analysis Total 8 | . . . . . 1 . 2 . . . . . . . . . . . . 4 . . . . . . . . . 1 Derelict Logs Recovered 10 | . . . . 2 . . . 1 . . 1 . . . . . . 1 2 . . . 1 2 . . . . . . Drone Launches 9 | . . . . . . . . . . . . . . . . . . 3 2 . . 2 2 . . . . . . . Drone Recoveries 3 | . . . . . . . . . . . . . . . . . . 2 1 . . . . . . . . . . . Exploration | -11 -10 -10 -10 -9 -8 -8 -7 -7 -7 -7 -6 -6 -6 -6 -6 -6 -5 -5 -5 -5 -4 -4 -4 -4 -4 -3 -3 -2 -1 -1 ------------- Run | Yrd Mat Min Exi Min Mat Sto Fac Low Low Dat Pro Fac Ext Cet Arc Hub Fac Upp Upp Zhi Pro Fac Upp Upp War Pro Res Res Acc Com Turns Passed 26438 | 43 216 151 394 566 833 1080 1356 409 228 44 120 1653 1705 416 467 1856 2722 344 366 120 236 1236 365 1637 1070 332 950 1198 1210 3115 Spaces Moved 25542 | 40 113 113 426 446 520 730 1944 819 352 97 226 2372 1228 193 130 744 1732 415 324 164 365 1875 548 795 923 293 977 1585 1313 3740 Core 54 | 2 . . . . . . . . . . . . . . . . . . . . . . . 52 . . . . . . Treads 1468 | . . . . . . . . . . . . . . 25 130 744 359 . . . . . . 210 . . . . . . Legs 2418 | . . . . . . . . . . . . . 263 168 . . 8 . . . . . . 310 923 293 252 . . 201 Wheels 2944 | 38 113 113 426 446 520 289 . . . . . . . . . . 999 . . . . . . . . . . . . . Hover 18658 | . . . . . . 441 1944 819 352 97 226 2372 965 . . . 366 415 324 164 365 1875 548 223 . . 725 1585 1313 3539 Flight . | . . . . . . . . . . . . . . . . . . . . . . . . . . . . . . . Fastest Speed 30 | 50 90 90 90 80 80 52 45 45 45 45 45 30 45 120 160 160 48 48 48 52 52 32 48 52 102 102 52 52 52 44 Average Speed 68 | 86 90 90 90 88 84 86 46 45 45 45 45 47 64 125 160 160 99 48 49 52 54 36 50 181 108 105 67 52 52 52 Slowest Speed 950 | 90 90 90 90 95 95 115 52 45 45 45 45 118 190 160 160 160 260 48 52 52 106 103 108 950 120 108 300 106 102 157 Overloaded Moves 4 | . . . . . . . . . . . . 4 . . . . . . . . . . . . . . . . . . Propulsion Burnouts . | . . . . . . . . . . . . . . . . . . . . . . . . . . . . . . . Robots Hopped . | . . . . . . . . . . . . . . . . . . . . . . . . . . . . . . . Potential Cave-ins . | . . . . . . . . . . . . . . . . . . . . . . . . . . . . . . . Cave-ins Triggered 1 | . . . . . . . . . . . . . . . 1 . . . . . . . . . . . . . . . Exploration Rate (%) 58 | 3 22 19 75 88 53 96 46 84 44 76 36 51 87 61 90 74 37 62 70 60 63 48 66 85 90 52 40 38 36 49 Regions Visited 30 Branch Regions 21 Pre-discovered Areas 10 | . . 1 1 1 . . . . . 1 . . . . . . . . . 3 . . 1 2 . . . . . . Known Exits Taken 5 | . . . . . 1 . 1 . . . . . . . . . 1 . . . . 1 . . . 1 . . . . Unknown Exits Taken 25 | 1 1 1 1 1 . 1 . 1 1 1 1 1 1 1 1 1 . 1 1 1 1 . 1 1 1 . 1 1 1 . Scrap Searched 18 | . . 1 . 2 . . . 1 1 . 1 . . . . . . 2 1 . 1 . 2 4 . 2 . . . . Spaces Dug 104 | . . . . . . . 4 . 33 . . 2 . . . 1 . . 11 . . 33 1 . . . 3 . 15 1 Terrain Destroyed 1355 | . . . . . 49 50 8 . 53 . 23 49 10 13 22 406 114 49 39 . 28 69 58 43 . 2 51 . 93 126 Melee 50 | . . . . . . . 4 . 2 . . 2 . . . . . . . . . 33 1 . . . . . 8 . Projectile 303 | . . . . . . . . . . . . . 9 13 22 107 58 . . . . 1 . 8 . 2 28 . 17 38 AOE 995 | . . . . . 49 50 4 . 51 . 23 42 . . . 299 56 48 39 . 28 35 57 35 . . 23 . 68 88 Terrain Rammed . | . . . . . . . . . . . . . . . . . . . . . . . . . . . . . . . Walls Destroyed . | . . . . . . . . . . . . . . . . . . . . . . . . . . . . . . . Machines Disabled . | . . . . . . . . . . . . . . . . . . . . . . . . . . . . . . . Actions | -11 -10 -10 -10 -9 -8 -8 -7 -7 -7 -7 -6 -6 -6 -6 -6 -6 -5 -5 -5 -5 -4 -4 -4 -4 -4 -3 -3 -2 -1 -1 --------- Run | Yrd Mat Min Exi Min Mat Sto Fac Low Low Dat Pro Fac Ext Cet Arc Hub Fac Upp Upp Zhi Pro Fac Upp Upp War Pro Res Res Acc Com Total 32595 | 45 209 154 433 568 819 1072 2291 849 406 96 234 2776 2022 333 330 1175 2471 527 495 185 387 2297 629 930 993 306 1230 1951 1803 4579 Wait 3994 | . 24 35 . 58 169 196 188 26 38 . . 257 404 82 160 304 446 81 142 . 8 210 45 5 15 1 95 253 340 412 Move 25511 | 39 112 112 425 445 519 729 1943 818 351 96 225 2371 1227 192 129 743 1731 414 323 163 364 1874 547 794 922 292 976 1584 1312 3739 Hop . | . . . . . . . . . . . . . . . . . . . . . . . . . . . . . . . Pick Up 207 | . 1 3 1 7 16 9 16 . . . . 9 7 4 3 5 18 . . 2 . 11 3 11 9 . 12 11 7 42 Fast Attach 424 | 6 . . . 8 14 9 13 . 3 . 1 28 12 12 4 7 51 3 3 5 1 32 7 25 14 2 25 20 21 98 Attach 110 | . . . . 1 5 3 3 . 1 . . 3 7 1 1 . 20 . 1 2 . 10 4 7 1 . 5 2 6 27 Detach 38 | . . . . . . . . . . . . 3 3 1 . . 4 . . 1 1 3 4 2 . . 6 2 2 6 Swap 161 | . 2 . 2 4 7 14 13 . 4 . 3 9 12 2 2 5 17 4 4 . 2 11 2 7 4 . 8 3 4 16 Drop 456 | . . . . 12 22 18 27 . 1 . . 33 15 20 7 14 43 . 2 4 2 35 6 17 27 2 39 31 21 58 Fire 1097 | . 9 4 . 33 67 78 63 . 5 . 2 53 41 14 24 96 113 22 6 . 2 43 10 56 1 9 63 25 80 178 Melee 215 | . . . 5 . . . 17 5 3 . 3 10 34 5 . . 20 3 14 8 7 62 1 . . . . 8 10 . Ram 1 | . . . . . . . . . . . . . . . . . . . . . . . . . . . . . . 1 Kick 1 | . . . . . . . . . . . . . . . . . . . . . . . . . . . 1 . . . Crush 1 | . . . . . . . . . . . . . . . . 1 . . . . . . . . . . . . . . Escape Stasis 85 | . . . . . . 16 8 . . . . . 53 . . . 8 . . . . . . . . . . . . . Rewire 233 | . . . . . . . . . . . . . 207 . . . . . . . . 6 . 6 . . . 12 . 2 Trap 61 | . 61 . . . . . . . . . . . . . . . . . . . . . . . . . . . . . Miscellaneous . | . . . . . . . . . . . . . . . . . . . . . . . . . . . . . . . Route ------- -11/Scrapyard -10/Materials (discovered 2 exits: [*Min] / [*Sub]) -10/Mines -10/Exiles -9/Mines -8/Materials (discovered 3 exits: *Fac / *Sto x2) -8/Storage (discovered 2 exits: *Fac / [*Rec]) -7/Factory (discovered 3 exits: *Fac / *Low x2) -7/Lower Caves -7/Lower Caves -7/Data Miner -6/Proximity Caves -6/Factory (discovered 3 exits: *Fac / [*Low] / *Ext) -6/Extension (discovered 3 exits: *Fac x2 / *Cet) -6/Cetus (discovered 2 exits: *Fac / *Arc) -6/Archives (discovered 3 exits: *Fac / *Hub x2) -6/Hub_04(d) (discovered 3 exits: *Fac x3) -5/Factory (discovered 3 exits: *Fac / *Upp x2) -5/Upper Caves -5/Upper Caves (discovered 2 exits: *Fac / *Zhi) -5/Zhirov -4/Proximity Caves -4/Factory (discovered 5 exits: *Res x3 / *Upp x2) -4/Upper Caves -4/Upper Caves (discovered 2 exits: *Res / *War) -4/Warlord -3/Proximity Caves -3/Research (discovered 2 exits: *Res / [*Arm]) -2/Research -1/Access -1/Command To Epsilon Eridani History --------- Turn | Location | Event 7 | -11/Scrapyard | Discovered new exit (range 15) 44 | -11/Scrapyard | Entered Materials 44 | -10/Materials | Discovered new exit (range 14) 209 | -10/Materials | Met 8R-AWN 245 | -10/Materials | Discovered new exit (range 7) 260 | -10/Materials | Entered Mines 261 | -10/Mines | Followed 8R-AWN into the Mines 279 | -10/Mines | Learned location of Storage (-8) 304 | -10/Mines | Build established: Mutant 306 | -10/Mines | Discovered new exit (range 5) 411 | -10/Mines | Entered Exiles 433 | -10/Exiles | Welcomed by 8R-AWN 449 | -10/Exiles | Met EX-HEX 475 | -10/Exiles | Met EX-BIN 485 | -10/Exiles | Aligned with FarCom system 486 | -10/Exiles | Given EX-Vault access code 507 | -10/Exiles | Opened EX-Vault 513 | -10/Exiles | Found Modified TNC 530 | -10/Exiles | Warned to stay clear of 0b10 Research branches 557 | -10/Exiles | Met EX-DEC 570 | -10/Exiles | Learned location of Zion (-6) 648 | -10/Exiles | Learned about 8R-AWN's background 732 | -10/Exiles | Visited The Gauntlet 792 | -10/Exiles | Discovered new exit (range 14) 805 | -10/Exiles | Left Exiles lab with Modified TNC 805 | -10/Exiles | Entered Mines 904 | -9/Mines | Assembled infested the area 1179 | -9/Mines | Core integrity fell below 50% 1262 | -9/Mines | Learned Materials terminal intel 1366 | -9/Mines | Discovered new exit (range 5) 1371 | -9/Mines | Entered Materials 1371 | -8/Materials | Evolved 4 slots: Propulsion x1, Utility x2, Weapon x1 1372 | -8/Materials | Loaded intel: 12 terminal locations 1441 | -8/Materials | Identified exit to Storage 1677 | -8/Materials | Build established: Scavenger-Skirmisher 1702 | -8/Materials | Repaired Imp. Light Armor Plating? 1992 | -8/Materials | Build established: Scavenger-Tank 2106 | -8/Materials | Discovered new exit (range 11) 2204 | -8/Materials | Entered Storage 2558 | -8/Storage | Build established: Tank 2634 | -8/Storage | Discovered new exit (range 16) 3000 | -8/Storage | Repaired Enh. Autogun 3077 | -8/Storage | Repaired Broken Enh. Autogun 3236 | -8/Storage | Used back door to open Recycling access 3236 | -8/Storage | Discovered new exit (range 5) 3284 | -8/Storage | Entered Factory 3284 | -7/Factory | Evolved 2 slots: Propulsion x1, Utility x1 3323 | -7/Factory | Identified exit to Lower Caves 3452 | -7/Factory | Discovered new exit (range 15) 3613 | -7/Factory | Build established: Hacker-Skirmisher 3702 | -7/Factory | Fabricated B-48 Gladiator (x3) 3736 | -7/Factory | Garrison activated, responded to threat 3776 | -7/Factory | Fabricated Actuator Array? 4015 | -7/Factory | Garrison activated, responded to threat 4064 | -7/Factory | Destroyed 8 combat bots 4160 | -7/Factory | Fabricated Nuclear Pulse Array (x1) 4297 | -7/Factory | Build established: Hacker-Mutant 4640 | -7/Factory | Entered Lower Caves 4831 | -7/Lower Caves | Attracted the attention of an 0b10 checkpoint 4887 | -7/Lower Caves | Encountered a Warlord checkpoint 4895 | -7/Lower Caves | Learned Factory emergency access door positions 4940 | -7/Lower Caves | Entered an active Warlord outpost 5019 | -7/Lower Caves | Discovered new exit (range 15) 5049 | -7/Lower Caves | Entered another Lower Caves area 5086 | -7/Lower Caves | Attracted the attention of an 0b10 checkpoint 5126 | -7/Lower Caves | Discovered new exit (range 13) 5231 | -7/Lower Caves | Found Alien Artifact 5231 | -7/Lower Caves | Identified Core Expander 5231 | -7/Lower Caves | Installed Core Expander, added new Weapon slot 5277 | -7/Lower Caves | Entered Data Miner 5277 | -7/Data Miner | Discovered new exit (range 6) 5286 | -7/Data Miner | Met Data Miner 5303 | -7/Data Miner | Learned location of Section 7 (-2) 5303 | -7/Data Miner | Acquired the access code to Warlord's prototype stash 5310 | -7/Data Miner | Received God Mode back door access code from Data Miner 5321 | -7/Data Miner | Entered Proximity Caves 5390 | -6/Proximity Caves | Build established: Gladiator 5424 | -6/Proximity Caves | Discovered new exit (range 5) 5431 | -6/Proximity Caves | Attracted the attention of an 0b10 outpost 5437 | -6/Proximity Caves | System corruption reached 10% 5441 | -6/Proximity Caves | Entered Factory 5441 | -6/Factory | Evolved 2 slots: Utility x2 5810 | -6/Factory | Build established: Skirmisher 6013 | -6/Factory | Discovered new exit (range 6) 6302 | -6/Factory | Discovered new exit (range 18) 6349 | -6/Factory | Repaired Imp. Airjet 6526 | -6/Factory | Spotted B-75 Beast 6640 | -6/Factory | Discovered new exit (range 21) 6664 | -6/Factory | Build established: Hacker-Scout 6982 | -6/Factory | Hacking Suite fried by hacking feedback 7002 | -6/Factory | Incoming investigation squad redirected 7094 | -6/Factory | Entered Extension 7173 | -6/Extension | Rescued a captive Derelict 7206 | -6/Extension | Energy Cycler disabled 7206 | -6/Extension | Rescued a captive Derelict 7206 | -6/Extension | Rescued a captive Derelict 7206 | -6/Extension | Rescued a captive Derelict 7207 | -6/Extension | Rescued a captive Derelict 7207 | -6/Extension | Rescued a captive Derelict 7217 | -6/Extension | Rescued a captive Derelict 7642 | -6/Extension | Build established: Commander-Scout 7856 | -6/Extension | Spotted B-75 Beast 7881 | -6/Extension | Spotted B-75 Beast 7886 | -6/Extension | Allies destroyed B-75 Beast 7896 | -6/Extension | Discovered new exit (range 9) 7901 | -6/Extension | Destroyed B-75 Beast 7909 | -6/Extension | Extracted ID and sensor layout for unrecognized location from A7's data core 8197 | -6/Extension | Lost 7 allies 8468 | -6/Extension | Build established: Commander-Mutant 8690 | -6/Extension | Discovered new exit (range 10) 8692 | -6/Extension | Discovered new exit (range 6) 8799 | -6/Extension | Entered Cetus 8799 | -6/Cetus | Accompanied by 13 allies 8829 | -6/Cetus | Spotted Cetus Guard 8836 | -6/Cetus | Spotted Cetus Guard 8844 | -6/Cetus | Spotted Cetus Guard 8847 | -6/Cetus | Spotted Cetus Guard 8865 | -6/Cetus | Destroyed Cetus Guard 8871 | -6/Cetus | Allies destroyed Cetus Guard 8873 | -6/Cetus | Destroyed Cetus Guard 8874 | -6/Cetus | Allies destroyed Cetus Guard 8901 | -6/Cetus | Lost 8 allies 8968 | -6/Cetus | Discovered new exit (range 21) 8993 | -6/Cetus | Spotted Cetus Guard 8995 | -6/Cetus | Spotted Cetus Guard 9001 | -6/Cetus | Spotted Cetus Guard 9005 | -6/Cetus | Spotted Cetus Guard 9009 | -6/Cetus | Allies destroyed Cetus Guard 9012 | -6/Cetus | Destroyed Cetus Guard 9051 | -6/Cetus | Destroyed Cetus Guard 9061 | -6/Cetus | Destroyed Cetus Guard 9068 | -6/Cetus | Lost 4 allies 9082 | -6/Cetus | Discovered new exit (range 21) 9137 | -6/Cetus | Met Revision 17 9198 | -6/Cetus | Build established: Scavenger-Tank 9215 | -6/Cetus | Entered Archives 9215 | -6/Archives | Accompanied by 1 ally 9337 | -6/Archives | Crushed by falling debris 9364 | -6/Archives | Discovered new exit (range 14) 9532 | -6/Archives | Discovered new exit (range 14) 9548 | -6/Archives | Unable to access archive contents 9563 | -6/Archives | Discovered new exit (range 15) 9682 | -6/Archives | Entered Hub_04(d) 9682 | -6/Hub_04(d) | Accompanied by 1 ally 9800 | -6/Hub_04(d) | Garrison activated, responded to threat 9851 | -6/Hub_04(d) | Destroyed 7 combat bots 9865 | -6/Hub_04(d) | Core integrity fell below 50% 10500 | -6/Hub_04(d) | Incoming investigation squad redirected 10533 | -6/Hub_04(d) | Discovered new exit (range 13) 10549 | -6/Hub_04(d) | Discovered new exit (range 21) 10593 | -6/Hub_04(d) | Incoming investigation squad redirected 10856 | -6/Hub_04(d) | Destroyed 8 combat bots 10857 | -6/Hub_04(d) | Discovered new exit (range 7) 11082 | -6/Hub_04(d) | First assault squad dispatched 11375 | -6/Hub_04(d) | Network Hub disabled 11375 | -6/Hub_04(d) | Network Hub disabled 11445 | -6/Hub_04(d) | Spotted B-75 Beast 11460 | -6/Hub_04(d) | Incoming assault squad redirected 11491 | -6/Hub_04(d) | High security lockdown imminent 11512 | -6/Hub_04(d) | Destroyed 7 combat bots 11538 | -6/Hub_04(d) | Entered Factory 11538 | -5/Factory | Evolved 2 slots: Propulsion x1, Utility x1 11993 | -5/Factory | Found Prototype Launcher 11993 | -5/Factory | Identified Mni. Smartbomb Launcher 12009 | -5/Factory | Found Mni. Smartbomb Launcher 12037 | -5/Factory | Central database locked down 12136 | -5/Factory | Discovered new exit (range 19) 12166 | -5/Factory | Identified exit to Upper Caves 12438 | -5/Factory | First assault squad dispatched 12551 | -5/Factory | Lost 3 parts (2n1w) 12583 | -5/Factory | Fabricated Lgt. Regenerative Plating? 12792 | -5/Factory | Lost 5 parts (1p1n1u2w) 12887 | -5/Factory | Spotted B-75 Beast 13390 | -5/Factory | Build established: Scavenger-Gunner 13694 | -5/Factory | Incoming investigation squad redirected 13748 | -5/Factory | Fabricated Combat Drone Bay (x1) 13769 | -5/Factory | Fabricated Exp. Propulsion Shielding? 13849 | -5/Factory | System corruption reached 10% 13906 | -5/Factory | Lost 9 parts (1p1n4u3w) 13909 | -5/Factory | Destroyed 8 combat bots 13967 | -5/Factory | Incoming assault squad redirected 13973 | -5/Factory | Core integrity fell below 50% 13986 | -5/Factory | Lost 5 parts (1n1u3w) 14116 | -5/Factory | Build established: Scavenger-Mutant 14256 | -5/Factory | Incoming assault squad redirected 14260 | -5/Factory | Incoming assault squad redirected 14260 | -5/Factory | Entered Upper Caves 14380 | -5/Upper Caves | Learned location of 1 exit from Factory 14381 | -5/Upper Caves | Discovered new exit (range 8) 14464 | -5/Upper Caves | Build established: Hacker-Mutant 14604 | -5/Upper Caves | Entered another Upper Caves area 14621 | -5/Upper Caves | Discovered new exit (range 17) 14734 | -5/Upper Caves | Learned Factory stockpile data 14867 | -5/Upper Caves | Spotted B-75 Beast 14967 | -5/Upper Caves | Learned 4 Factory zone layouts 14968 | -5/Upper Caves | Discovered new exit (range 5) 14970 | -5/Upper Caves | Entered Zhirov 14972 | -5/Zhirov | Discovered new exit (range 3) 14981 | -5/Zhirov | Met Zhirov 14993 | -5/Zhirov | Learned location of Quarantine (-2) 14993 | -5/Zhirov | Learned location of Testing (-3) 14993 | -5/Zhirov | Learned location of Command (-1) 14996 | -5/Zhirov | Zhirov requested help retrieving the SGEMP Prototype 15006 | -5/Zhirov | Found Alien Artifact 15006 | -5/Zhirov | Identified Integrated Dissipator 15006 | -5/Zhirov | Installed Integrated Dissipator, increased core heat dissipation (+20) 15016 | -5/Zhirov | Found Alien Artifact 15090 | -5/Zhirov | Entered Proximity Caves 15093 | -4/Proximity Caves | Spotter reported a threat 15094 | -4/Proximity Caves | Spotter reported a threat 15213 | -4/Proximity Caves | Core integrity fell below 20% 15249 | -4/Proximity Caves | Lost 4 parts (1n1u2w) 15314 | -4/Proximity Caves | Discovered new exit (range 13) 15326 | -4/Proximity Caves | Entered Factory 15326 | -4/Factory | Evolved 2 slots: Propulsion x1, Utility x1 15327 | -4/Factory | Identified exit to Research 15462 | -4/Factory | Discovered exit to Research (range 18) 15636 | -4/Factory | Found Quantum Capacitor 15826 | -4/Factory | Search patrols dispatched 15880 | -4/Factory | Identified Transdimensional Reconstructor 15880 | -4/Factory | Central database locked down 15948 | -4/Factory | Identified exit to Upper Caves 16037 | -4/Factory | Repaired Gravmag Array+ 16060 | -4/Factory | Repaired Imp. Medium Armor Plating 16173 | -4/Factory | Found Prototype Device 16173 | -4/Factory | Identified Exp. ECM Suite 16195 | -4/Factory | Discovered exit to Research (range 12) 16239 | -4/Factory | Unchained authorized (6S-H0T) 16369 | -4/Factory | Build established: Hacker-Sprinter 16562 | -4/Factory | Entered Upper Caves 16563 | -4/Upper Caves | Encountered a Warlord checkpoint 16592 | -4/Upper Caves | Lost 5 parts (2n2u1w) 16701 | -4/Upper Caves | Learned location of Armory (-3) 16704 | -4/Upper Caves | Build established: Hacker-Mutant 16844 | -4/Upper Caves | Spotted B-86 Titan 16859 | -4/Upper Caves | Attracted the attention of an 0b10 checkpoint 16922 | -4/Upper Caves | Discovered new exit (range 8) 16927 | -4/Upper Caves | Entered another Upper Caves area 16943 | -4/Upper Caves | Discovered exit to Research (range 7) 17168 | -4/Upper Caves | Attracted the attention of an 0b10 outpost 17220 | -4/Upper Caves | System corruption reached 10% 17250 | -4/Upper Caves | Lost 9 parts (1p2n3u3w) 17521 | -4/Upper Caves | Build established: Mutant 17895 | -4/Upper Caves | Attracted the attention of an 0b10 checkpoint 17933 | -4/Upper Caves | Lost 4 parts (2n1u1w) 18497 | -4/Upper Caves | Discovered new exit (range 14) 18500 | -4/Upper Caves | Build established: Scavenger-Gunner 18564 | -4/Upper Caves | Entered Warlord 18605 | -4/Warlord | System corruption cleaned by Quarantine Array 18681 | -4/Warlord | Opened Warlord's prototype stash 18698 | -4/Warlord | Found Prototype Processor 18698 | -4/Warlord | Identified Spectral Analyzer 18701 | -4/Warlord | Found Prototype Device 18701 | -4/Warlord | Identified Exp. Focal Shield 18713 | -4/Warlord | Found Prototype Reactor 18989 | -4/Warlord | Build established: Scavenger-Tank 19143 | -4/Warlord | Warlord's base attacked by MAIN.C 19318 | -4/Warlord | Met Warlord 19449 | -4/Warlord | Found Prototype Energy Gun 19454 | -4/Warlord | Found Prototype Energy Cannon 19457 | -4/Warlord | Found Prototype Energy Cannon 19460 | -4/Warlord | Identified Vortex Shotgun 19462 | -4/Warlord | Identified Vortex Driver (x2) 19469 | -4/Warlord | Found Prototype Launcher 19475 | -4/Warlord | Found Vortex Shotgun 19493 | -4/Warlord | Warlord forces counterattacked 19607 | -4/Warlord | Opened side exit 19627 | -4/Warlord | Discovered new exit (range 9) 19634 | -4/Warlord | Entered Proximity Caves 19898 | -3/Proximity Caves | Discovered exit to Research (range 16) 19966 | -3/Proximity Caves | Entered Research 19966 | -3/Research | Evolved 2 slots: Power x1, Utility x1 20166 | -3/Research | Revision forces began assault on 0b10 20170 | -3/Research | Met up with Revision 17++ 20333 | -3/Research | Identified Vortex Chain Reactor 20431 | -3/Research | Found Prototype Device 20431 | -3/Research | Identified Adv. Kinecellerator 20666 | -3/Research | Research terminal network offline 20713 | -3/Research | Discovered new exit (range 11) 20849 | -3/Research | Fabricated Lgt. Regenerative Plating? 20859 | -3/Research | Discovered new exit (range 20) 20914 | -3/Research | Build established: Scavenger-Skirmisher 20916 | -3/Research | Entered another Research area 20916 | -2/Research | Warlord forces began assault on 0b10 20916 | -2/Research | Evolved 2 slots: Utility x2 21026 | -2/Research | Research machine network offline 21047 | -2/Research | Discovered new exit (range 15) 21185 | -2/Research | Borebot progress halted 21200 | -2/Research | Met up with Warlord 21206 | -2/Research | Found Quantum Capacitor 21218 | -2/Research | Met DD-05H 21390 | -2/Research | Spotted Striker 21395 | -2/Research | Borebot progress halted 21432 | -2/Research | Lost 5 allies 21500 | -2/Research | Borebot progress halted 21920 | -2/Research | Warlord invited to help at Command 21920 | -2/Research | Given Cave Seal Controls access code 22114 | -2/Research | Entered Access 22114 | -1/Access | Evolved 2 slots: Utility x2 22169 | -1/Access | Garrison activated, responded to threat 22269 | -1/Access | Unchained authorized (6S-H0T) 22313 | -1/Access | Identified Vortex Catalyst Activator 22395 | -1/Access | Destroyed 6S-H0T 22409 | -1/Access | Found Prototype Ballistic Gun 22409 | -1/Access | Identified 6S-H0T's Six Shooter 22418 | -1/Access | Found 6S-H0T's SS Cartridge 22777 | -1/Access | Incoming investigation squad redirected 22811 | -1/Access | Found Prototype Launcher 22811 | -1/Access | Identified Point Singularity Launcher 22815 | -1/Access | Central database locked down 23320 | -1/Access | Discovered new exit (range 8) 23324 | -1/Access | Entered Command 23519 | -1/Command | Disengaged cave seal 23519 | -1/Command | Derelicts emerged from the dark tunnel 23519 | -1/Command | Welcomed Warlord to Command 23521 | -1/Command | Disengaged cave seal 23521 | -1/Command | Derelicts emerged from the dark tunnel 23544 | -1/Command | Build established: Scavenger-Mutant 23587 | -1/Command | Spotted B-99 Colossus 23593 | -1/Command | Lost 4 allies 23686 | -1/Command | Lost 4 allies 23753 | -1/Command | Spotted M Guard 23753 | -1/Command | Spotted M Guard 23754 | -1/Command | Spotted Combat Programmer 23754 | -1/Command | Spotted Combat Programmer 23797 | -1/Command | All MAIN.C guards destroyed 23822 | -1/Command | Lost 9 parts (2p4u3w) 23835 | -1/Command | Lost 10 allies 23870 | -1/Command | Warlord commented on Warlord statues 24020 | -1/Command | Build established: Scavenger-Tank 24108 | -1/Command | P-80 Master assimilated allied XW-6ZL(d) 24113 | -1/Command | P-80 Master assimilated allied BW-MFI(d) 24454 | -1/Command | Spotted B-99 Colossus 24558 | -1/Command | Lost 3 allies 24788 | -1/Command | Spotted Striker 24788 | -1/Command | Spotted Alpha 7 24788 | -1/Command | Spotted B-99 Colossus 24788 | -1/Command | Spotted Executioner 24789 | -1/Command | Spotted Executioner 24791 | -1/Command | Spotted Alpha 7 24794 | -1/Command | Spotted Striker 24801 | -1/Command | Warlord destroyed during the assault 24806 | -1/Command | Destroyed Executioner 24806 | -1/Command | Destroyed Executioner 24814 | -1/Command | System corruption reached 10% 24833 | -1/Command | Lost 4 allies 24870 | -1/Command | Lost 10 parts (1p6u3w) 24887 | -1/Command | Core integrity fell below 50% 24928 | -1/Command | Lost 7 parts (2p4n1w) 25298 | -1/Command | Lost 3 parts (1p1u1w) 25340 | -1/Command | Spotted Executioner 25491 | -1/Command | Destroyed Alpha 7 25521 | -1/Command | Lost 7 parts (2n3u2w) 25581 | -1/Command | Spotted Executioner 25602 | -1/Command | Spotted B-99 Colossus 25647 | -1/Command | Destroyed Executioner 25665 | -1/Command | Destroyed Executioner 25706 | -1/Command | Lost 15 parts (2p3n6u4w) 25934 | -1/Command | Build established: Scavenger-Mutant 26052 | -1/Command | System corruption reached 30% 26064 | -1/Command | Core integrity fell below 20% 26177 | -1/Command | Destroyed Alpha 7 26269 | -1/Command | Build established: Scavenger-Gunner 26292 | -1/Command | Lost 6 parts (2n3u1w) 26436 | -1/Command | Discovered new exit (range 8) 26439 | *** | Escaped! Last Messages --------------- 26435_ Hardcell Cannon destroyed. 26435_ Adv. Target Analyzer destroyed. 26435_ Imp. Antigrav System destroyed. 26435_ Critical hit (Blast). 26435_ Knocked back. 26435_ Penetrated by Slug. 26436_ The Access Shell folds into the floor. 26436_ EXIT=FOUND 26436_ Lgt. Angular Momentum Engine destroyed. 26436_ Critical hit (Blast). 26436_ Penetrated by Slug. 26436_ Slug penetrates B-99 Colossus. 26436_ Slug penetrates Wall. 26436_ Gravmag System destroyed. 26439_ Knocked back. 26439_ Penetrated by Slug. 26439_ Slug penetrates Wall. 26439_ Penetrated by Slug. 26439_ Sml. Battery destroyed. 26439_ Slug penetrates Wall. Map ----- +----------------------------------------------------+ | ## ##### # ################## # | | %### # #?????# !%=! # | | # ###### # #?????# |!= # | | # # ## # # "" #?????#########"#### | | ## ### ## # """" """" #?????????????# #??? | | ?## # """" """" #?????????????# #??? | | ??######## "" "" #?????????????#=#??? | | ?????????### #?????????????#!#??? | | ???????????# #?????????????# #??? | | ???????????####################????????????##+#### | | ???????????????????????????????????????????# * # | | ???????????????????????????????????????????# # | | ???????????????????????????????????????????# # | | ???????????????????????????????????????????# = # | | ???????????????????????????????????????????# = =# | | ???????????????????????????????????????????# = # | | ???????????????????????????????????????????# # | | ???????????????????????????????????????????# # | | ???????????????????##############??????????# # | | ???????????????????# #########?## # | | ???????????????????# BB;;;## ##### # | | ???????????????????# BB% ;% # #### # | | ???????????????????# ^ % +### | | ???????????????????# ^ ^ | | ???????????????????# "" ^^ | | ???????????????????# @% ^^^^ | | ???????????????????# ^ ^ ^^ | | ????????? ???????#; ^^^^^^^^ % | | ????????? ???????## ^ ; # # # ##; | | ????????? ????????# BB;########## | | ????????? ????????# BB##?????#### # % | | ????????? ????????##############??????# % | | ????????# ????????????????????????????## # " "" | | ????????# ?????????????????????????##########" " | | ????????# ?????????????????????????# == " / | | ????????# ?????????????????????????#! ! # # | | ????????# ?????????????????????????# # " | | ????????# ?????????????????????????# # # | | ????????# #????????????????????????########### " | | ????????# #??##?##?##????????????????????????# " | | ????????# #?? ? ? #?????????????????########/" | | ????????# #??? ? ? #?????????????????# #" %% | | ????????# # ?? ? ? #?????????????????# ## "# | | ????????# #""?" #?????????????????#" ##%"# | | ????????# #""?" #?????????????????#" *[ | | ????????# # ""? #?????????????????#" " !%* | | ????????# + ##???????########## = | | ????????# #?? ??# ####???# #"!! " | | ???####?# ##### ###### # ##### #"! | | | ???# ## ## # # # # """ #! ! ##"## | +----------------------------------------------------+ Best States ------------- Heat Dissipation 160 Coolant Potential 100 Energy Generation 55 Energy Capacity 850 Matter Stores 300 Matter Capacity 300 Sight Range 24 Robot Scan Range 16 Terrain Scan Range 20 Terrain Scan Density 10 ECM Strength 2 Jamming Range 16 Additional Mass Support 12 Base Temperature (-) 200 EM Shielding 2 Corruption Containment 12 Corruption Block 13 Armor Coverage 1650 Resistance: KI 30 Resistance: TH 25 Resistance: EM 15 Core Shielding 30 Propulsion Shielding 66 Weapon Shielding 66 Point Defense Rating 160 Melee Speed Boost 40 Phase Shifting 5 Evasion (%) 70 Targeting Accuracy 29 Melee Accuracy 14 Target Analysis 12 Core Analysis 6 Armor Integrity Analysis 30 Recoil Reduction 4 Energy Filtering 50 Particle Charging 25 Offensive Hacking 42 Defensive Hacking 25 Item Schematics ----------------- Imp. Flight Unit | -8/Materials | Scanalyzed Actuator Array | -7/Factory | Hacked Imp. VSS Leg | -7/Factory | Hacked Combat Drone Bay | -7/Data Miner | Free Lgt. Regenerative Plating | -7/Data Miner | Free Exp. Propulsion Shielding | -7/Data Miner | Free Cld. Cesium-ion Thruster | -7/Data Miner | Free Gui. EMP Blaster | -7/Data Miner | Free Antigrav System | -7/Data Miner | Free Remote Force Field | -7/Data Miner | Free Lrn. Proton Cannon | -7/Data Miner | Free Flexi-carbon Leg | -7/Data Miner | Free Adv. Trap Extractor | -7/Data Miner | Free Weapon Mount | -6/Factory | Hacked Imp. Weapon Shielding | -6/Factory | Hacked Nanoactuators | -6/Factory | Hacked Gravmag Array | -5/Factory | Scanalyzed Assault Drone Bay | -5/Zhirov | Free Exp. Heat Sink | -5/Zhirov | Free Imp. Arc Thrower | -5/Zhirov | Free Exp. Optical Array | -5/Zhirov | Free Exp. ECM Suite | -4/Factory | Scanalyzed Centrium Medium Armor Plating | -1/Access | Scanalyzed Robot Schematics ------------------ Y-45 Defender | -8/Storage | Hacked S-27 Virus | -7/Factory | Hacked W-25 Informer | -7/Data Miner | Free Y-54 Guardian | -7/Data Miner | Free G-47 Trooper | -7/Data Miner | Free X-67 Chaingunner | -7/Data Miner | Free B-48 Gladiator | -7/Data Miner | Free Fabricated ------------ B-48 Gladiator | x3 | -7/Factory | Preloaded Actuator Array | x2 | -7/Factory Nuclear Pulse Array | x1 | -7/Factory | Preloaded Lgt. Regenerative Plating | x1 | -5/Factory Combat Drone Bay | x1 | -5/Factory Exp. Propulsion Shielding | x1 | -5/Factory Lgt. Regenerative Plating | x1 | -3/Research Repaired ---------- Imp. Light Armor Plating | 9% | -8/Materials Enh. Autogun | 37% | -8/Storage Enh. Autogun | 40% | -8/Storage | Broken Imp. Airjet | 24% | -6/Factory Gravmag Array | 14% | -4/Factory Imp. Medium Armor Plating | 30% | -4/Factory Studied --------- Wheel | -8/Materials | Hacked Cmb. Airjet | -7/Factory | Hacked Antigrav System | -5/Factory | Hacked Gravmag Array | -4/Factory | Hacked Imp. Linear Gravjet | -4/Factory | Hacked Myomer Leg | -3/Research | Hacked Flexi-carbon Leg | -3/Research | Hacked Antigrav Array | -3/Research | Hacked Com. HERF Cannon | -1/Access | Hacked Alien Tech Used ----------------- Core Expander Integrated Dissipator Achievements -------------- Bigger And Badder Doshington Maximum Efficiency Treasure Hunter Challenges ------------ None Game ------ Seed ScanCloakMachine Manual? 0 Play Time 06:46:52 Cumulative 354.8 hours Start 2025.12.28 @ 17:54:22 End 2025.12.29 @ 01:13:40 Sessions 1 Manual Loads 0 Difficulty Rogue Special Mode None Game No. 125 Rogue 125 Adventurer 0 Explorer 0 Win Type 0 Total 7 Types 5/0/0/0/0/0/0/1/0/1 Lore% 79 Gallery% 76 Achievement% 65 Wizard Run 0 Options --------- Layout 1 ASCII 0 Keyboard 0 Movement Mouse Keybinds 0 Fullscreen 2 Font 32/SmallcapsGlow Map View 50x35 Zoom Use 0% Tactical HUD 1 Map Filters NONE Filters NONE Steam 1 RUN: 80208da3-630f-493b-b88a-3960fb127eba